 Dungeon Crawl Stone Soup version 0.20.1-1-g8b1a95d (webtiles) character file.

1596528 sadgrasan the Axe Maniac (level 27, -10/323 HPs)
             Began as a Formicid Fighter on Aug 23, 2017.
             Was the Champion of the Shining One.
             Mangled by a Brimstone Fiend (11 damage)
             ... on level 16 of a ziggurat on Aug 25, 2017.
             The game lasted 10:08:01 (144920 turns).

sadgrasan the Axe Maniac (Formicid Fighter)       Turns: 144920, Time: 10:08:02

Health: -10/323    AC: 48    Str: 35    XL:     27
Magic:  0/54       EV: 28    Int: 22    God:    the Shining One [******]
Gold:   15807      SH: 36    Dex:  9    Spells: 64/80 levels left

rFire    + . .     SeeInvis +   q - +9 executioner's axe (protect)
rCold    + + +     Gourm    .   U - +8 large shield {reflect}
rNeg     + + +     Faith    .   (armour currently unavailable)
rPois    ∞         Spirit   +   (helmet unavailable)
rElec    +         Reflect  +   R - +2 cloak {MR+}
rCorr    .         Harm     .   (gloves currently unavailable)
MR       ++++.     Clarity  +   (boots currently unavailable)
Stlth    ++........             I - amulet "Witwyst" {Spirit Int+7}
Regen    0.7/turn               t - ring of Huezydus {-Tele rElec rC+++ Slay+6 Stlth-}
MPRegen  0.4/turn               S - ring "Leojeesh" {rF+ Str+4 Int+4 Dex-3 Stlth+}

@: statue-form, weakened, sap magic, protection aura, glowing, very slow
A: permanent stasis, dig shafts and tunnels, four strong arms, antennae 3,
repulsion field 1, thin skeletal structure 1, clarity, clever 1, deformed body,
magic resistance 1, sense surroundings 1, weak 1, wild magic 1
}: 15/15 runes: barnacled, slimy, silver, golden, iron, obsidian, icy, bone,
abyssal, demonic, glowing, magical, fiery, dark, gossamer
a: Dig, Shaft Self, End Transformation, Divine Shield, Cleansing Flame, Summon
Divine Warrior, Renounce Religion


You were on level 16 of a ziggurat.
You worshipped the Shining One.
The Shining One was exalted by your worship.
You were very full.
You were a stone statue.
You visited 18 branches of the dungeon, and saw 85 of its levels.
You visited Pandemonium 4 times, and saw 68 of its levels.
You visited the Abyss 1 time.
You visited 1 ziggurat, and saw 16 of its levels.
You also visited: Labyrinth, Trove, Ice Cave, Wizlab and Desolation.

You collected 21542 gold pieces.
You spent 5735 gold pieces at shops.

Inventory:

Hand Weapons
 a - a +9 executioner's axe of holy wrath
 q - a +9 executioner's axe of protection (weapon)
Armour
 c - the +8 shield of Apta {rCorr}
   (You bought it in a shop on level 2 of the Depths)

   It protects you from acid and corrosion.
 w - the +0 pair of boots of Demaph (melded) {Int+9 Dex+2}
   (You found it on level 1 of the Elven Halls)

   It affects your intelligence (+9).
   It affects your dexterity (+2).
 B - +12 gold dragon scales (melded)
 D - the +1 pair of gloves "Ipneick" (melded) {-Tele Str+3 Int+5}
   (You found it in the Desolation of Salt)

   It affects your strength (+3).
   It affects your intelligence (+5).
   It prevents most forms of teleportation.
 R - a +2 cloak of magic resistance (worn)
 U - a +8 large shield of reflection (worn)
Magical Staves
 i - an uncursed staff of earth
Jewellery
 t - the ring of Huezydus (left hand) {-Tele rElec rC+++ Slay+6 Stlth-}
   (You found it on level 5 of the Pits of Slime)

   [ring of loudness]

   It affects your accuracy and damage with ranged weapons and melee attacks
   (+6).
   It renders you almost immune to cold.
   It insulates you from electricity.
   It prevents most forms of teleportation.
   It makes you less stealthy.
 G - the amulet "June" {Spirit rPois MR+}
   (You found it on level 8 of a ziggurat)

   [amulet of guardian spirit]

   It causes incoming damage to be split between your health and magic.
   It protects you from poison.
   It affects your resistance to hostile enchantments.
 I - the amulet "Witwyst" (around neck) {Spirit Int+7}
   (You found it on level 7 of the Dungeon)

   [amulet of guardian spirit]

   It causes incoming damage to be split between your health and magic.
   It affects your intelligence (+7).
 K - the amulet of the Crown {MR- Regen+ Int+5 Dex+3}
   (You found it on level 9 of a ziggurat)

   [amulet of regeneration]

   It affects your intelligence (+5).
   It affects your dexterity (+3).
   It affects your resistance to hostile enchantments.
   It increases your rate of regeneration.
 P - the ring "Zirualuug" {Str+7 Stlth-}
   (You found it on level 11 of a ziggurat)

   [ring of loudness]

   It affects your strength (+7).
   It makes you less stealthy.
 S - the ring "Leojeesh" (right hand) {rF+ Str+4 Int+4 Dex-3 Stlth+}
   (You found it in Pandemonium)

   [ring of protection from fire]

   It affects your strength (+4).
   It affects your intelligence (+4).
   It affects your dexterity (-3).
   It protects you from fire.
   It makes you more stealthy.
Wands
 b - a wand of iceblast (1/15)
Scrolls
 e - 6 scrolls of recharging
 h - 42 scrolls of identify
 k - 3 scrolls of holy word
 m - 2 scrolls of summoning
 o - 37 scrolls of remove curse
 r - 16 scrolls of fear
 x - 2 scrolls of magic mapping
 F - 3 scrolls of enchant armour
 H - 3 scrolls of fog
 O - a scroll of acquirement
Potions
 d - 14 potions of might
 g - 35 potions of lignification
 p - a potion of cancellation
 u - 16 potions of heal wounds
 A - 48 potions of curing
 Q - a potion of brilliance
 Y - 2 potions of mutation
Books
 J - the Collected Works on Icy Heat
   (You found it on level 9 of a ziggurat)

   Spells                             Type                      Level
   a - Freeze                         Ice                          1
   b - Throw Flame                    Conjuration/Fire             2
   c - Conjure Flame                  Conjuration/Fire             3
   d - Throw Icicle                   Conjuration/Ice              4
   e - Summon Ice Beast               Ice/Summoning                4
   f - Ozocubu's Refrigeration        Ice                          6
 L - Sif Muna's Compendium of Freezing Confrontation
   (You found it on level 10 of a ziggurat)

   Spells                             Type                      Level
   a - Ozocubu's Armour               Charms/Ice                   3
   b - Conjure Flame                  Conjuration/Fire             3
   c - Fulminant Prism                Conjuration/Hexes            4
   d - Iskenderun's Mystic Blast      Conjuration                  4
   e - Metabolic Englaciation         Hexes/Ice                    5
 M - Sif Muna's Grimoire of Dusty Talismans
   (You found it on level 10 of a ziggurat)

   Spells                             Type                      Level
   a - Swiftness                      Charms/Air                   2
   b - Shroud of Golubria             Charms/Translocation         2
   c - Ozocubu's Armour               Charms/Ice                   3
   d - Regeneration                   Charms/Necromancy            3
   e - Petrify                        Transmutation/Earth          4
   f - Iron Shot                      Conjuration/Earth            6
 W - the Incunabulum of Helpful Malediction
   (You found it on level 12 of a ziggurat)

   Spells                             Type                      Level
   a - Song of Slaying                Charms                       2
   b - Slow                           Hexes                        2
   c - Portal Projectile              Hexes/Translocation          3
   d - Inner Flame                    Hexes/Fire                   3
   e - Darkness                       Hexes                        6
 X - Adaoblig's Collected Works on Toxic Stolen Souls
   (You found it on level 14 of a ziggurat)

   Spells                             Type                      Level
   a - Sublimation of Blood           Necromancy                   2
   b - Control Undead                 Necromancy                   4
   c - Bolt of Draining               Conjuration/Necromancy       5
   d - Alistair's Intoxication        Transmutation/Poison         5
Miscellaneous
 l - a sack of spiders
 s - a crystal ball of energy
 v - a phial of floods
 z - 9 phantom mirrors
 C - a crystal ball of energy
 N - a lightning rod (1/4)
 T - a crystal ball of energy
 Z - 9 boxes of beasts
Comestibles
 f - 67 bread rations
 j - 7 meat rations
 V - 3 royal jellies


   Skills:
 O Level 27 Fighting
   Level 2.0(2.1) Short Blades
   Level 0.4(1.3) Long Blades
 O Level 27 Axes
   Level 3.3(18.9) Maces & Flails
 - Level 1.0(2.2) Staves
   Level 7.3 Crossbows
 - Level 4.0 Throwing
 O Level 27 Armour
 O Level 27 Dodging
 + Level 7.9 Stealth
 O Level 27 Shields
 O Level 27 Spellcasting
 O Level 27 Transmutations
 O Level 27 Earth Magic
 O Level 27 Invocations
 O Level 27 Evocations


You had 64 spell levels left.
You knew the following spells:

 Your Spells              Type           Power        Failure   Level  Hunger
a - Sandblast             Erth           ######       1%          1    None
b - Statue Form           Tmut/Erth      ########.    1%          6    None
c - Shatter               Erth           ########..   6%          9    ######.


Dungeon Overview and Level Annotations

Branches:
Dungeon (15/15)            Temple (1/1) D:4            Lair (6/6) D:8
 Shoals (4/4) Lair:4       Spider (4/4) Lair:4        Slime (5/5) Lair:5
    Orc (2/2) D:11            Elf (3/3) Orc:2        Vaults (5/5) D:13
  Crypt (3/3) Vaults:2       Tomb (3/3) Crypt:3      Depths (5/5) D:15
   Hell (1/1)                 Dis (7/7) Hell            Geh (7/7) Hell
    Coc (7/7) Hell            Tar (7/7) Hell            Zot (4/5) Depths:5

Altars:
Ashenzari
Cheibriados
Dithmenos
Elyvilon
Fedhas
Gozag
Hepliaklqana
Kikubaaqudgha
Makhleb
Nemelex Xobeh
Okawaru
Qazlal
Ru
Sif Muna
Trog
Uskayaw
Vehumet
Xom
Yredelemnul
Zin
The Shining One
Jiyva

Shops:
D:4 :   D:7 ?%*[(   Orc:2 =*([   Elf:1 :   Shoals:2 [   Vaults:3 :   Vaults:5 *
Depths:1 !   Depths:2 }%[}:   Depths:3 (   Depths:4 }==   Depths:5 }

Portals:
Hell: Depths:1 Depths:2 Depths:3 Depths:4 Depths:5
Abyss: Depths:4
Pandemonium: Depths:3

Annotations:
D:7 2 transporters
Depths:2 exclusion: 2 ice statues


Innate Abilities, Weirdness & Mutations

You cannot be hasted, slowed, berserked, paralysed or teleported.
You can dig through walls and to a lower floor.
Your four strong arms can wield two-handed weapons with a shield.
You have a pair of large antennae on your head. (SInv)
You are surrounded by a mild repulsion field. (EV +2)
((You are partially covered in iridescent scales. (AC +2)))
You have a somewhat thin skeletal structure. (Dex +2, Stealth)
You possess an exceptional clarity of mind.
Your mind is acute. (Int +2)
Armour fits poorly on your strangely shaped body.
You are resistant to hostile enchantments. (MR+)
You passively map a small area around you.
You are weak. (Str -2)
Your spells are a little harder to cast, but a little more powerful.


Message History

The Brimstone Fiend hits you but does no damage.
You block the orange demon's attack.
The infernal black sun hits you but does no damage.
Unknown command.
You hit the Brimstone Fiend but do no damage.
The Brimstone Fiend is almost dead.
You slash the Ice Fiend!
You cut the blizzard demon into ribbons!!!
You hit Ecuduuhi. You slice the sixfirhy!! You block the sixfirhy's attack. x3
The sixfirhy barely misses you. You block the Ice Fiend's attack.
The Ice Fiend claws you but does no damage.
Ecuduuhi gestures at you. The iron shot hits you!
* * * LOW HITPOINT WARNING * * *
The blizzard demon gestures at you. The bolt of cold hits you! You resist.
* * * LOW HITPOINT WARNING * * *
The bolt of cold hits the Ice Fiend.
The Ice Fiend completely resists.
The Brimstone Fiend hits you!
You die...

,..........▓▓
▓▓.............▓▓
▓...............▓▓
$$...............▓▓
)}................▓▓
)?...52≈≈≈.........▓▓
}$..225§8§........∩.▓
,"$..55311≈.........▓▓
)?..X3&8..........▓▓
$(...62).........▓▓
*▓....4..........▓▓
▓▓.............▓▓
▓▓...........▓▓
▓▓▓▓▓▓▓▓▓▓▓▓▓


You could see Ecuduuhi (invisible), a Brimstone Fiend, an Ice Fiend, 2 reapers,
an infernal black sun, a blizzard demon, an orange demon, a large abomination, a
sixfirhy, a tormentor, a ynoxinul and 4 ufetubi.

Vanquished Creatures
  Cerebov (Pan)
  Antaeus (Coc:7)
  Asmodeus (Geh:7)
  the Royal Jelly (Slime:5)
  Ereshkigal (Tar:7)
  The ghost of ANON1729 the Sorcerer, a legendary OpFE of Vehumet (Tomb:2)
  Ignacio (Pan)
  the Serpent of Hell (Tar:7)
  The ghost of ANON1729 the Cryomancer, a legendary OpFE of Vehumet (Tomb:2)
  Mnoleg (Pan)
  Dispater (Dis:7)
  Lom Lobon (Pan)
  An orb of fire (Zot:4)
  Khufu (Tomb:3)
  A juggernaut (Depths:4)
  4 ancient liches
  Sojobo (Tomb:3)
  27 greater mummies
  Boris (twice) (Crypt:3 Tomb:1)
  Frederick (Tomb:3)
  5 shard shrikes (Coc:7)
  56 pandemonium lords
  Saint Roka (Depths:2)
  4 caustic shrikes (Depths:1)
  Geryon (Hell)
  2 Killer Klowns
  Xtahua (Crypt:1)
  Nikola (Elf:2)
  7 golden dragons
  2 pearl dragons (Pan)
  Arachne (Spider:4)
  6 bone dragons
  An electric golem (Zot:1)
  4 doom hounds
  31 Hell Sentinels
  35 Ice Fiends
  9 iron giants
  51 Tzitzimimeh
  13 liches
  58 Brimstone Fiends
  3 deep elf blademasters
  7 titans
  10 quicksilver dragons
  16 tentacled monstrosities
  2 deep elf master archers (Elf:3)
  The ghost of prototypeXXsupercool the Peltast, an adept HOFi of Trog (Slime:3)
  An eldritch tentacle (Dis:7)
  3 krakens
  8 death cobs
  21 sphinxes
  2 tentacled starspawn (WizLab)
  79 Executioners
  22 acid blobs
  8 ancient champions
  9 azure jellies
  Gastronok (D:12)
  Ilsuiw (Shoals:4)
  8 tengu reavers
  6 shadow dragons
  19 daevas (Pan)
  12 storm dragons
  A revenant (Tomb:1)
  10 fire giants
  7 deep elf sorcerers
  42 blood saints
  2 imperial myrmidons (Desolation)
  2 draconian monks (Zot:1)
  55 corrupters
  43 black suns
  5 draconian knights
  26 vault wardens
  11 frost giants
  19 ghost moths
  33 warmongers
  5 draconian scorchers (Zot:1)
  3 draconian shifters
  A caustic shrike zombie (Zig:7)
  81 balrugs
  5 curse skulls
  90 cacodemons
  A juggernaut zombie (Crypt:1)
  3 iron dragons
  Aizul (Depths:2)
  4 emperor scorpions
  2 draconian stormcallers (Zot:1)
  An orc warlord (Orc:2)
  5 deep elf elementalists
  8 ghouls
  2 elemental wellsprings (Coc:7)
  119 reapers
  37 angels (Pan)
  10 draconian annihilators
  16 war gargoyles
  27 apis (Pan)
  34 ironheart preservers
  22 very ugly things
  13 bennus
  16 entropy weavers
  5 green draconians
  23 ophanim (Pan)
  7 vampire knights
  3 deep elf demonologists
  23 stone giants
  8 red draconians
  3 halazid warlocks (Desolation)
  50 lorocyprocas
  3 yellow draconians
  13 deep elf annihilators
  5 dire elephants (Lair:6)
  6 purple draconians
  4 black draconians
  10 eidola
  3 spark wasps
  12 ettins
  23 mummy priests
  58 green deaths
  3 crystal guardians
  10 deep elf death magi
  5 death oozes (Slime:5)
  2 spectral krakens (Tar:7)
  2 quicksilver dragon zombies
  A minotaur (Lab)
  11 jiangshi
  9 fire dragons
  Josephine (D:15)
  16 great orbs of eyes
  9 merfolk impalers
  8 servants of whispers (Desolation)
  195 large abominations
  84 blizzard demons
  4 merfolk javelineers
  4 quicksilver dragon skeletons
  3 deep elf high priests
  3 kraken zombies
  4 ragged hierophants (Desolation)
  Harold (Lair:4)
  35 vault guards
  10 peacekeepers
  15 rakshasas
  17 yaktaur captains
  2 juggernaut simulacra (Pan)
  2 merfolk avatars
  An anaconda (Lair:6)
  8 spriggan air magi
  23 ice dragons
  19 hell beasts
  48 monstrous demonspawn (Pan)
  8 centaur warriors
  2 hydras (Lair:6)
  2 death knights
  34 dancing weapons
  An alligator (Shoals:3)
  29 death scarabs
  36 two-headed ogres
  6 vampire magi
  17 ogre magi
  6 tengu warriors
  5 alligator snapping turtles
  Urug (D:12)
  6 merfolk aquamancers
  2 titan zombies
  3 satyrs
  13 deep troll shamans
  8 hell hogs
  9 deep troll earth magi
  2 spriggan berserkers
  15 small abominations
  2 shock serpents (shapeshifter)
  4 orc high priests (Orc:2)
  5 iron golems
  269 soul eaters
  6 titan skeletons
  The ghost of letownia the Martial Artist, a novice OpTm of Gozag (D:8)
  29 deep elf knights
  236 sun demons
  84 sixfirhies (Pan)
  10 iron trolls
  7 shadow wraiths
  A fire crab (shapeshifter) (Vaults:3)
  13 cherubim (Pan)
  33 skeletal warriors
  6 flayed ghosts
  4 anaconda zombies
  14 hell knights
  10 sea snakes
  37 deep trolls
  7 unseen horrors
  9 wizards
  A storm dragon skeleton (Crypt:3)
  12 glowing orange brains
  6 golden dragon zombies
  63 torturous demonspawn (Pan)
  25 deep elf archers
  64 infernal demonspawn (Pan)
  81 shadow demons
  An obsidian statue (Depths:4)
  33 harpies
  A ghost moth zombie (Coc:7)
  50 gelid demonspawn (Pan)
  32 ironbrand convokers
  An orange crystal statue (Zig:2)
  7 shadow dragon zombies
  16 orc knights
  22 phantasmal warriors
  22 necromancers
  An orb spider (shapeshifter) (Vaults:3)
  6 anaconda skeletons
  6 frost giant zombies
  A golden dragon skeleton (Depths:1)
  35 wolf spiders
  2 fire giant zombies
  3 orc sorcerers
  A wolf spider zombie (D:15)
  5 tengu skeletons
  A faun (shapeshifter) (Vaults:5)
  8 shining eyes
  88 deep elf magi
  2 stone giant zombies
  75 ugly things
  15 manticores
  7 fauns
  A worldbinder (Abyss:3)
  7 oklob plants
  6 shadow dragon skeletons
  34 orb spiders
  10 cyclopes
  4 iron dragon skeletons
  An elephant (shapeshifter) (Depths:2)
  15 elephants
  4 frost giant skeletons
  4 stone giant skeletons
  3 moths of wrath (shapeshifter)
  A shock serpent zombie (Crypt:3)
  A toenail golem (Pan)
  23 moths of wrath
  7 ice statues
  4 eyes of devastation
  13 molten gargoyles
  2 fire giant skeletons
  6 dire elephant zombies
  6 water nymphs
  5 guardian serpents (Desolation)
  13 spiny frogs
  11 merfolk sirens
  15 vault sentinels
  23 rust devils
  4 torpor snails
  207 smoke demons
  4 black mambas
  A yellow draconian zombie (Crypt:2)
  4 gargoyles
  Psyche (D:10)
  7 spectral swamp worms (Tar:7)
  115 orange demons
  A green draconian zombie (Crypt:1)
  51 hellions
  5 rime drakes
  57 tormentors
  13 efreet
  2 dire elephant skeletons
  A komodo dragon (shapeshifter) (Zig:8)
  11 komodo dragons
  118 demonic crawlers
  29 freezing wraiths
  95 hellwings
  93 yaktaurs
  39 merfolk
  4 ancient zymes
  115 red devils
  A harpy zombie (Crypt:1)
  An anaconda simulacrum (Coc:7)
  2 tengu conjurers
  40 ice devils
  2 meliai (shapeshifter)
  A minotaur zombie (Lab)
  46 guardian mummies
  A jumping spider (shapeshifter) (Elf:1)
  A polar bear (shapeshifter) (Abyss:3)
  6 meliai
  44 jumping spiders
  16 hornets
  A yaktaur skeleton (Depths:1)
  8 hydra zombies
  A polar bear (Lair:5)
  10 trolls
  23 wind drakes
  2 alligator zombies
  17 dream sheep
  8 bog bodies
  46 saltlings (Desolation)
  17 blink frogs
  77 slime creatures
  A snapping turtle (shapeshifter) (Zig:4)
  A spriggan zombie (Zig:7)
  13 hippogriffs
  6 hydra skeletons
  2 fire dragon zombies
  A tarantella zombie (Crypt:2)
  A dream sheep (shapeshifter) (Zig:14)
  57 flying skulls
  3 air elementals (Elf:1)
  2 hippogriffs (shapeshifter)
  A blink frog (shapeshifter) (Vaults:1)
  A fire giant simulacrum (Vaults:3)
  10 snapping turtles
  2 redbacks (shapeshifter)
  A spriggan skeleton (Depths:1)
  2 ettin zombies
  A guardian serpent skeleton (Crypt:2)
  88 redbacks
  18 wraiths
  182 ynoxinuls (Pan)
  2 ice dragon skeletons
  9 shadows
  An alligator skeleton (Hell)
  2 vampires
  A black mamba zombie (Crypt:2)
  2 fire dragon skeletons
  60 tarantellas
  26 water elementals
  22 ushabtiu
  2 spriggans (Depths:3)
  4 wyverns
  A yak (shapeshifter) (Zig:14)
  40 yaks
  3 basilisks
  A dire elephant simulacrum (Coc:7)
  2 ettin skeletons
  A black mamba skeleton (Crypt:3)
  2 fire bats (Pan)
  12 fire elementals
  20 humans (D:13)
  10 hungry ghosts
  3 steam dragons
  11 golden eyes
  2 human simulacra
  11 vampire mosquitoes
  87 neqoxecs
  158 chaos spawn
  5 wargs
  6 swamp worms (Lair:3)
  16 water moccasins
  3 spiny frog zombies
  2 floating eyes
  8 porcupines
  17 hell hounds
  A merfolk skeleton (Tomb:1)
  18 ice beasts
  A spiny frog skeleton (Hell)
  A black bear (D:9)
  A deep troll skeleton (Crypt:1)
  2 snapping turtle zombies
  6 sky beasts
  50 orc warriors
  An eye of draining (shapeshifter) (Vaults:5)
  14 necrophages
  4 phantoms
  27 wolves
  14 eyes of draining
  A fire dragon simulacrum (Crypt:1)
  2 ogres (shapeshifter)
  8 boggarts (Depths:4)
  50 ogres
  18 centaurs
  2 snapping turtle skeletons (Crypt:3)
  A rime drake zombie (Crypt:1)
  11 crocodiles
  5 manticore skeletons
  2 swamp dragon skeletons
  3 big kobolds
  A yaktaur zombie (Crypt:1)
  21 bullfrogs
  A glowing shapeshifter simulacrum (Vaults:3)
  5 earth elementals
  A wyvern zombie (D:14)
  A hippogriff skeleton (Crypt:1)
  2 water moccasin zombies
  10 wyvern skeletons (Crypt:3)
  7 scorpions
  A troll zombie (Crypt:3)
  4 killer bees (D:12)
  A killer bee (shapeshifter) (Vaults:5)
  22 wights
  2 raiju skeletons
  A howler monkey (D:7)
  4 electric eels
  17 crimson imps
  2 quasits
  2 yaktaur simulacra
  3 bullfrog zombies
  5 centaur zombies
  18 orc priests
  8 hounds
  4 jellies
  3 bullfrog skeletons
  2 centaur skeletons
  21 iron imps
  21 orc wizards
  4 iguanas
  A lightning spire (Zig:6)
  11 worker ants
  2 killer bee zombies
  An ogre zombie (Geh:7)
  2 tengu zombies
  A hound zombie (D:9)
  A hound skeleton (D:10)
  46 mummies
  A worker ant zombie (D:7)
  19 adders
  A steam dragon skeleton (Crypt:1)
  6 shadow imps
  8 white imps
  4 ufetubi
  2 oozes
  An iguana zombie (Crypt:2)
  An adder skeleton (D:7)
  14 worms
  A dart slug (D:4)
  6 leopard geckos
  92 orcs
  3 giant cockroaches
  6 goblins
  3 hobgoblins
  10 jackals
  14 kobolds
  6 quokkas
  A ball python (D:1)
  6 bats
  A frilled lizard (D:2)
  A leopard gecko zombie (D:8)
  An orc skeleton (Pan)
  An orc zombie (Dis:7)
  A quokka skeleton (D:5)
  4 rats
  2 briar patches (Pan)
  4 crawling corpses
  20 fire vortices (Pan)
  5 fungi
  14 plants
  2 starspawn tentacles (WizLab)
  14 tentacles
  5 withered plants (Crypt:3)
7133 creatures vanquished.

Vanquished Creatures (collateral kills)
  Gloorx Vloq (Pan)
  A seraph (Pan)
  2 pandemonium lords (Pan)
  Mennas (Depths:3)
  An ancient lich (Vaults:5)
  An iron giant (Dis:7)
  2 Brimstone Fiends (Pan)
  2 Tzitzimimeh (Pan)
  A hellephant (Pan)
  A Hell Sentinel (Dis:7)
  A tentacled monstrosity (Pan)
  A titan (Depths:4)
  5 Executioners (Pan)
  The ghost of Caractacus the Fencer, an adept DrBe of Trog (IceCv)
  A tengu reaver (Vaults:5)
  2 azure jellies (Slime:5)
  3 iron dragons (Dis:7)
  A daeva (Pan)
  A deep elf sorcerer (Elf:3)
  4 balrugs
  2 vault wardens (Vaults:5)
  4 deep elf elementalists (Elf:3)
  2 reapers
  A cacodemon (Pan)
  A warmonger (Pan)
  A very ugly thing (Pan)
  5 war gargoyles
  A stone giant (Vaults:5)
  A vampire knight (Depths:4)
  3 blood saints (Pan)
  4 deep elf annihilators (Elf:3)
  3 deep elf demonologists (Elf:3)
  A corrupter (Pan)
  A deep elf death mage (Elf:3)
  5 blizzard demons (Pan)
  A green death (Pan)
  A merfolk impaler (Depths:1)
  A great orb of eyes (Pan)
  A fire dragon (Vaults:5)
  A vault guard (Vaults:5)
  3 hell beasts
  An alligator snapping turtle (Shoals:4)
  A peacekeeper (Desolation)
  An ogre mage (Depths:2)
  A merfolk aquamancer (Shoals:4)
  A deep troll earth mage (Depths:1)
  A satyr (Shoals:4)
  A titan zombie (Geh:7)
  11 soul eaters (Pan)
  4 hell knights
  4 sun demons (Pan)
  A deep elf knight (Elf:3)
  A titan skeleton (Geh:7)
  An iron troll (Dis:7)
  7 sixfirhies (Pan)
  A cherub (Pan)
  2 deep trolls (Depths:1)
  A shadow wraith (Pan)
  3 skeletal warriors (Dis:7)
  A shadow demon (Dis:7)
  An infernal demonspawn (Pan)
  2 deep elf archers
  A gelid demonspawn (Pan)
  A glowing orange brain (Abyss:3)
  9 large abominations
  3 iron dragon zombies
  A shadow dragon zombie (Zig:13)
  A golden dragon skeleton (Zig:13)
  A harpy (Shoals:4)
  5 deep elf magi
  A tengu skeleton (Zig:13)
  A frost giant zombie (Tar:7)
  An orc sorcerer (Elf:3)
  An oklob plant (Zig:13)
  3 ugly things
  A worldbinder (Abyss:3)
  A stone giant skeleton (Pan)
  A vault sentinel (Vaults:5)
  2 ice statues (IceCv)
  5 orange demons (Pan)
  4 smoke demons
  2 rust devils
  A spriggan skeleton (Zig:13)
  A hellion (Geh:7)
  2 efreet (Dis:7)
  A yaktaur (Vaults:5)
  2 tormentors (Pan)
  An elf skeleton (Zig:13)
  11 red devils
  2 hellwings (Pan)
  6 saltlings (Desolation)
  A slime creature (Abyss:3)
  An air elemental (Elf:3)
  A fire bat (Pan)
  3 ynoxinuls (Pan)
  3 small abominations (Abyss:3)
  6 chaos spawn (Pan)
  A golden eye (Abyss:3)
  7 neqoxecs (Pan)
  An ogre (Depths:2)
  A swamp dragon skeleton (Pan)
  A wight (Zig:13)
  2 iron imps (Dis:7)
223 creatures vanquished.

Vanquished Creatures (others)
  2 pandemonium lords (Pan)
  2 Ice Fiends (Pan)
  A lich (Tomb:2)
  A deep elf sorcerer (Elf:3)
  An elemental wellspring (Coc:7)
  A reaper (Geh:7)
  A bennu (Tomb:2)
  A deep elf annihilator (Pan)
  A green death (Pan)
  An ice dragon (Coc:7)
  A yaktaur captain (Depths:1)
  A two-headed ogre (Vaults:5)
  2 soul eaters (Pan)
  A sun demon (Pan)
  2 skeletal warriors
  A sixfirhy (Pan)
  A torturous demonspawn (Pan)
  A shadow demon (Pan)
  An orb spider (Zig:10)
  An ice statue (Pan)
  2 orange demons (Pan)
  A molten gargoyle (Geh:7)
  3 smoke demons (Pan)
  14 hellions (Pan)
  A merfolk (shapeshifter) (Zig:14)
  2 wind drakes (Pan)
  A saltling (Desolation)
  2 ynoxinuls (Pan)
  5 flying skulls (Tomb:2)
  3 chaos spawn (Pan)
  A fire bat (Pan)
  A swamp dragon skeleton (Geh:7)
  A crocodile (Lair:5)
  2 mummies (Tomb:2)
  A white imp (Coc:7)
  A kobold skeleton (Coc:7)
  2 blocks of ice (Pan)
  2 bushes (Depths:4)
  2 demonic plants (Pan)
  10 fungi
  39 plants
  5 starspawn tentacles (WizLab)
  33 tentacles
  14 withered plants (Crypt:3)
172 creatures vanquished.

Grand Total: 7528 creatures vanquished

Notes
Turn   | Place    | Note
-------+----------+-------------------------------------------
     0 | D:1      | sadgrasan the Formicid Fighter began the quest for the Orb.
     0 | D:1      | Reached XP level 1. HP: 18/18 MP: 1/1
   235 | D:1      | Reached XP level 2. HP: 22/24 MP: 2/2
   811 | D:2      | Reached XP level 3. HP: 29/29 MP: 3/3
  1260 | D:2      | Reached XP level 4. HP: 36/37 MP: 4/4
  1991 | D:3      | Reached XP level 5. HP: 35/42 MP: 5/5
  2105 | D:3      | Found a glowing golden altar of the Shining One.
  2196 | D:3      | Became a worshipper of the Shining One
  2944 | D:4      | Reached XP level 6. HP: 40/48 MP: 6/6
  3318 | D:4      | Found Munlicojeck's Book Shop.
  3364 | D:4      | Found a staircase to the Ecumenical Temple.
  3376 | Temple   | Entered the Ecumenical Temple
  3667 | D:5      | Entered Level 5 of the Dungeon
  3841 | D:5      | Reached skill level 5 in Axes
  3906 | D:5      | Reached XP level 7. HP: 18/55 MP: 7/7
  4155 | D:5      | Found a shimmering altar of Xom.
  4286 | D:5      | Reached skill level 5 in Shields
  4352 | D:6      | Reached XP level 8. HP: 42/61 MP: 8/8
  4445 | D:6      | Found a shadowy altar of Dithmenos.
  4445 | D:6      | Found a blossoming altar of Fedhas.
  4446 | D:6      | Found a glowing golden altar of the Shining One.
  4465 | D:6      | Reached skill level 5 in Armour
  4483 | D:6      | Found a hide-covered altar of Uskayaw.
  4486 | D:6      | Found a shattered altar of Ashenzari.
  4504 | D:6      | Reached * piety under the Shining One
  4513 | D:6      | Reached skill level 5 in Fighting
  4981 | D:7      | Reached skill level 1 in Invocations
  4981 | D:7      | Reached skill level 1 in Evocations
  4981 | D:7      | Reached XP level 9. HP: 68/68 MP: 9/9
  4986 | D:7      | Found Nitru's General Store.
  4999 | D:7      | Bought a potion of heal wounds for 60 gold pieces
  5037 | D:7      | Found Wil Keczawu's Food Shop.
  5052 | D:7      | Noticed a kobold demonologist
  5054 | D:7      | Found a transporter.
  5061 | D:7      | Found a transporter.
  5097 | D:7      | Found Erphagg's Antique Armour Shoppe.
  5107 | D:7      | Bought a glowing large shield for 210 gold pieces
  5251 | D:7      | Found Nunek's Magic Scroll Shoppe.
  5430 | D:7      | Reached ** piety under the Shining One
  5596 | D:7      | Got a steaming iron amulet
  5937 | D:7      | Found Ceusmas's Weapon Shoppe.
  5978 | D:8      | Reached XP level 10. HP: 73/76 MP: 12/12
  6037 | D:8      | Noticed letownia's ghost (novice OpTm)
  6062 | D:8      | Killed letownia's ghost
  6313 | D:8      | Reached skill level 10 in Axes
  6348 | D:8      | Found an ancient bone altar of Kikubaaqudgha.
  6522 | D:8      | Reached *** piety under the Shining One
  6600 | D:8      | Found Iruqeas's Distillery.
  6772 | D:8      | Found a staircase to the Lair.
  6782 | D:8      | Reached skill level 5 in Invocations
  6853 | D:9      | Noticed a two-headed ogre
  7030 | D:9      | Identified the amulet "Witwyst" {Spirit Int+7} (You found it on level 7 of the Dungeon)
  7040 | D:9      | Reached XP level 11. HP: 81/83 MP: 3/14
  7212 | D:9      | Killed a two-headed ogre
  7212 | D:9      | Reached skill level 5 in Evocations
  7377 | D:9      | Found an opulent altar of Gozag.
  7377 | D:9      | Found a burning altar of Makhleb.
  7380 | D:9      | Found a snail-covered altar of Cheibriados.
  7812 | D:10     | Entered Level 10 of the Dungeon
  7892 | D:10     | Noticed an unseen horror
  7910 | D:10     | Killed an unseen horror
  8166 | D:10     | Noticed Psyche
  8184 | D:10     | Killed Psyche
  8282 | D:10     | Reached **** piety under the Shining One
  8783 | D:11     | Found a staircase to the Orcish Mines.
  8930 | D:11     | Noticed a manticore
  8936 | D:11     | Killed a manticore
  9336 | D:11     | Noticed a cyclops
  9358 | D:11     | Killed a cyclops
  9381 | D:11     | Noticed a two-headed ogre
  9390 | D:11     | Killed a two-headed ogre
  9407 | D:11     | Gained mutation: You are partially covered in iridescent scales. (AC +2) [mutagenic meat]
  9408 | D:11     | Gained mutation: You are covered in fur. (AC +1) [mutagenic meat]
  9409 | D:11     | Gained mutation: Your magical capacity is low. (-10% MP) [mutagenic meat]
  9411 | D:11     | Gained mutation: Scrolls take you a little longer to read. [mutagenic meat]
  9412 | D:11     | Lost mutation: Scrolls take you a little longer to read. [mutagenic meat]
  9508 | D:11     | Reached XP level 12. HP: 64/91 MP: 15/15
  9927 | D:11     | Noticed a two-headed ogre
  9935 | D:11     | Killed a two-headed ogre
 10111 | D:12     | Reached ***** piety under the Shining One
 10129 | D:12     | Noticed Gastronok
 10173 | D:12     | Killed Gastronok
 10208 | D:12     | Noticed an unseen horror
 10222 | D:12     | Killed an unseen horror
 10232 | D:12     | Noticed Urug
 10418 | Lair:1   | Entered Level 1 of the Lair of Beasts
 10456 | Lair:1   | Reached skill level 10 in Shields
 11545 | Lair:2   | Found a frozen archway.
 11570 | Lair:2   | Reached XP level 13. HP: 95/99 MP: 17/17
 11593 | IceCv    | Entered an ice cave
 11645 | IceCv    | Found a transporter.
 11669 | IceCv    | Noticed Caractacus's ghost (adept DrBe)
 11684 | IceCv    | Killed Caractacus's ghost
 11978 | D:12     | Killed Urug
 12095 | D:12     | Found a blossoming altar of Fedhas.
 12635 | D:13     | Noticed a centaur warrior
 12647 | D:13     | Killed a centaur warrior
 12788 | D:13     | Noticed a tengu reaver
 12964 | D:13     | Noticed a centaur warrior
 13049 | D:13     | Noticed a vault guard
 13076 | D:13     | Killed a vault guard
 13127 | D:13     | Reached XP level 14. HP: 78/108 MP: 16/19
 13128 | D:13     | Found a gate to the Vaults.
 13751 | D:7      | Bought a scroll of acquirement for 572 gold pieces
 13816 | D:8      | Bought a potion of heal wounds for 65 gold pieces
 15438 | Lair:3   | Reached skill level 10 in Invocations
 15855 | Lair:3   | Reached skill level 10 in Evocations
 16120 | Lair:4   | Noticed Harold
 16137 | Lair:4   | Killed Harold
 16276 | Lair:4   | Found a staircase to the Shoals.
 16458 | Lair:4   | Found a hole to the Spider Nest.
 16744 | Lair:4   | Got a wavering platinum ring
 16745 | Lair:4   | Identified the cursed ring of the Queen {rElec rF++ Str-3 Int-2} (You found it on level 4 of the Lair of Beasts)
 17442 | Lair:5   | Found a viscous altar of Jiyva.
 17443 | Lair:5   | Found a staircase to the Slime Pits.
 17648 | Lair:6   | Entered Level 6 of the Lair of Beasts
 17726 | Lair:6   | Reached skill level 10 in Fighting
 17765 | Lair:6   | Found a labyrinth entrance.
 17769 | Lair:6   | Reached ****** piety under the Shining One
 17803 | Lab      | Entered a labyrinth
 17906 | Lab      | Reached XP level 15. HP: 115/115 MP: 20/20
 18315 | Lab      | Identified the Guide on Displacement and Flames
 18334 | Lab      | Got a scintillating lead amulet
 18338 | Lab      | Identified the amulet of Xom's Righteous Anger {Inacc *Contam rN+ Stlth+} (You found it in a labyrinth)
 18341 | Lab      | Got a sparkling bone amulet
 18342 | Lab      | Identified the amulet of Zoebumai {Inacc rC++ Str+3 Int-3} (You found it in a labyrinth)
 19565 | Lair:6   | Reached skill level 15 in Axes
 19610 | Lair:6   | Identified Qepsoihuwu's Tome of the Lethal Compass
 20094 | Orc:1    | Entered Level 1 of the Orcish Mines
 20306 | Orc:2    | Entered Level 2 of the Orcish Mines
 20547 | Orc:2    | Found Ickigi's Jewellery Emporium.
 20723 | Orc:2    | Found a staircase to the Elven Halls.
 20747 | Orc:2    | Found Yjuekoni's General Store.
 20747 | Orc:2    | Noticed an orc warlord
 20765 | Orc:2    | Killed an orc warlord
 20936 | Orc:2    | Found Kamma's Antique Weapon Shop.
 20974 | Orc:2    | Reached XP level 16. HP: 120/124 MP: 22/22
 21248 | Orc:2    | Found Qutish's Antique Armour Boutique.
 21256 | Orc:2    | Bought a pair of embroidered gloves for 202 gold pieces
 21256 | Orc:2    | Bought an embroidered cloak for 202 gold pieces
 21549 | Orc:2    | Bought 2 potions of heal wounds for 150 gold pieces
 21549 | Orc:2    | Bought a scroll of identify for 30 gold pieces
 21883 | D:14     | Found a white marble altar of Elyvilon.
 22305 | D:14     | Found an ancient bone altar of Kikubaaqudgha.
 22472 | D:15     | Entered Level 15 of the Dungeon
 22567 | D:15     | Noticed Josephine
 22587 | D:15     | Killed Josephine
 22692 | D:15     | Found a staircase to the Depths.
 22742 | D:15     | Reached skill level 10 in Armour
 23212 | Depths:1 | Entered Level 1 of the Depths
 23355 | Depths:1 | Found Zoidghy's Distillery.
 23363 | Depths:1 | Bought a potion of heal wounds for 55 gold pieces
 23363 | Depths:1 | Bought a potion of curing for 33 gold pieces
 23363 | Depths:1 | Bought a potion of might for 44 gold pieces
 23363 | Depths:1 | Bought a potion of lignification for 33 gold pieces
 23363 | Depths:1 | Bought a potion of lignification for 33 gold pieces
 23383 | Depths:1 | Found a magical portal.
 23392 | WizLab   | Entered Lehudib's Moon Base
 23404 | WizLab   | Noticed a tentacled starspawn
 23413 | WizLab   | Killed a tentacled starspawn
 23487 | WizLab   | Noticed a tentacled starspawn
 23501 | WizLab   | Killed a tentacled starspawn
 23781 | Depths:1 | Noticed a fire giant
 23791 | Depths:1 | Killed a fire giant
 23791 | Depths:1 | Reached XP level 17. HP: 86/132 MP: 16/24
 24650 | Depths:1 | Found a gateway to Hell.
 25357 | Depths:2 | Noticed Saint Roka
 25416 | Depths:2 | Found Etrieh's Book Emporium.
 25611 | Depths:2 | Reached skill level 15 in Shields
 25643 | Depths:2 | Found Tuesmu's Antique Armour Boutique.
 25650 | Depths:2 | Found Lirraott's Gadget Shop.
 25654 | Depths:2 | Bought a polished shield for 361 gold pieces
 25654 | Depths:2 | Identified the +8 shield of Apta {rCorr} (You bought it in a shop on level 2 of the Depths)
 25786 | Depths:2 | Killed Saint Roka
 26283 | Depths:2 | Reached XP level 18. HP: 122/140 MP: 21/25
 26331 | Depths:2 | Got a twisted plate armour
 26332 | Depths:2 | Identified the +8 plate armour of Feasting {*Corrode rElec rF+ rN+} (You found it on level 2 of the Depths)
 26446 | Depths:2 | Got a transparent glass ring
 26448 | Depths:2 | Identified the ring of Jiwooph {rN+ Str+4} (You found it on level 2 of the Depths)
 26580 | Depths:2 | Found Vifol's Food Shoppe.
 26624 | Depths:2 | Found Acimimul's Gadget Boutique.
 26883 | Depths:2 | Noticed a quicksilver dragon
 26900 | Depths:2 | Killed a quicksilver dragon
 28090 | Depths:3 | Reached XP level 19. HP: 127/149 MP: 24/27
 28182 | Depths:3 | Found a one-way gate leading to the halls of Pandemonium.
 28202 | Depths:3 | Noticed Mennas
 28233 | Depths:3 | Killed Mennas
 28788 | Depths:3 | Found Udopou's Antique Weapon Boutique.
 28836 | Depths:3 | Reached skill level 15 in Invocations
 28857 | Depths:3 | Found a portal to a secret trove of treasure.
 29330 | Depths:4 | Found a one-way gate to the infinite horrors of the Abyss.
 29330 | Depths:4 | Noticed a golden dragon
 29351 | Depths:3 | Killed a golden dragon
 30615 | Depths:4 | Noticed a titan
 30617 | Depths:4 | Noticed a juggernaut
 30617 | Depths:4 | Noticed a tentacled monstrosity
 30620 | Depths:4 | Noticed a tentacled monstrosity
 30644 | Depths:4 | Killed a juggernaut
 30650 | Depths:4 | Killed a tentacled monstrosity
 30659 | Depths:4 | Killed a tentacled monstrosity
 30822 | Depths:4 | Noticed a titan
 30824 | Depths:4 | Noticed a golden dragon
 30830 | Depths:4 | Killed a titan
 30836 | Depths:4 | Killed a golden dragon
 31400 | Depths:4 | Reached XP level 20. HP: 143/158 MP: 28/28
 31408 | Depths:4 | Noticed a lich
 31408 | Depths:4 | Found a gateway to a ziggurat.
 31610 | Depths:4 | Killed a lich
 31649 | Depths:4 | Found Oviubb's Gadget Shoppe.
 31649 | Depths:4 | Found Otuephus's Jewellery Shop.
 31649 | Depths:4 | Noticed a golden dragon
 31660 | Depths:4 | Killed a golden dragon
 31664 | Depths:4 | Found Ynwa's Jewellery Shop.
 31670 | Depths:4 | Bought the ring of Conformity {rPois rC+ Str+2 Int-3} for 443 gold pieces
 31747 | Depths:4 | Noticed a Brimstone Fiend
 32787 | Spider:1 | Entered Level 1 of the Spider Nest
 34576 | Spider:3 | Reached skill level 15 in Evocations
 35231 | Spider:4 | Entered Level 4 of the Spider Nest
 35469 | Spider:4 | Reached XP level 21. HP: 141/165 MP: 26/29
 35679 | Spider:4 | Noticed Arachne
 35705 | Spider:4 | Killed Arachne
 36241 | Spider:4 | Got a gossamer rune of Zot
 36803 | Shoals:1 | Entered Level 1 of the Shoals
 37604 | Shoals:2 | Found Xoetiuha's Armour Shop.
 38857 | Shoals:3 | Reached XP level 22. HP: 151/173 MP: 29/31
 39185 | Shoals:4 | Entered Level 4 of the Shoals
 40205 | Shoals:4 | Noticed Ilsuiw
 40233 | Shoals:4 | Killed Ilsuiw
 40706 | Shoals:4 | Reached skill level 15 in Fighting
 40889 | Shoals:4 | Got a barnacled rune of Zot
 41103 | Shoals:4 | Got a flickering jade ring
 41567 | Depths:1 | Identified the ring "Mualauqi" {Wiz Str+3 Dex+3} (You found it on level 4 of the Shoals)
 41742 | Vaults:1 | Entered Level 1 of the Vaults
 42641 | Vaults:1 | Reached XP level 23. HP: 165/182 MP: 28/32
 42696 | Vaults:1 | You fall through a shaft!
 44456 | Vaults:2 | Found a staircase to the Crypt.
 44949 | Vaults:3 | Found Muegg's Book Shop.
 45111 | Vaults:3 | Found a ruined gateway.
 45130 | Desolati | Entered the Desolation of Salt
 45174 | Desolati | Reached XP level 24. HP: 146/192 MP: 22/32
 45184 | Desolati | Got a crystal glaive
 45186 | Desolati | Identified the Collected Works on Enchantment and the Arsonist
 45189 | Desolati | Got a faintly humming plate armour
 45192 | Desolati | Identified the Handbook of the Poles
 45600 | Desolati | Got a pair of twisted gloves
 45617 | Desolati | Identified the Collected Works on Ghastly Protection
 45622 | Desolati | Got a pitted lead ring
 45625 | Desolati | Identified the Incunabulum of Blistering Beguiling
 45817 | Desolati | Got a smoking golden ring
 45822 | Desolati | Got a shimmering pewter ring
 45824 | Desolati | Got a shimmering bone amulet
 45962 | Vaults:3 | Identified the +9 glaive of Circularity {freeze, Int+2} (You found it in the Desolation of Salt)
 45963 | Vaults:3 | Identified the +6 plate armour of the Forest {rPois rF++ Str-5 Stlth+} (You found it in the Desolation of Salt)
 45964 | Vaults:3 | Identified the +1 pair of gloves "Ipneick" {-Tele Str+3 Int+5} (You found it in the Desolation of Salt)
 45968 | Vaults:3 | Identified the ring "Boko" {Wiz +Blink rC+} (You found it in the Desolation of Salt)
 45969 | Vaults:3 | Identified the ring of Jomopowo {Str+4 Dex+4} (You found it in the Desolation of Salt)
 45970 | Vaults:3 | Identified the ring "Reurie" {rF+ Str+4} (You found it in the Desolation of Salt)
 45971 | Vaults:3 | Identified the amulet "Tumaumap" {Spirit rN+} (You found it in the Desolation of Salt)
 47360 | Vaults:4 | Reached XP level 25. HP: 185/201 MP: 31/32
 48066 | Vaults:4 | Identified the Tome of the Mutagenic Traveller
 49076 | Elf:1    | Entered Level 1 of the Elven Halls
 49100 | Elf:1    | Found Reig's Book Boutique.
 49180 | Elf:1    | Identified Lehudib's Collected Works on Conjuration
 49461 | Elf:1    | Identified the Handbook of Unholy Rituals and Curses
 49497 | Elf:1    | Got a pair of ichor-stained boots
 49499 | Elf:1    | Identified the +0 pair of boots of Demaph {Int+9 Dex+2} (You found it on level 1 of the Elven Halls)
 49768 | Elf:1    | Got a sparkling tin amulet
 50600 | Elf:2    | Found a huge runed gate.
 50600 | Elf:2    | Found a huge runed gate.
 50601 | Elf:2    | Found a huge runed gate.
 50602 | Elf:2    | Found a huge runed gate.
 50609 | Elf:2    | Found a huge runed gate.
 50747 | Elf:2    | Reached XP level 26. HP: 211/211 MP: 33/33
 51156 | Elf:2    | Noticed Nikola
 51181 | Elf:2    | Killed Nikola
 51190 | Elf:2    | Got a pair of shimmering gloves
 51191 | Elf:2    | Identified the +0 pair of gloves of Grot {rN+ Int+3 SInv} (You took it off Nikola on level 2 of the Elven Halls)
 51193 | Elf:2    | Identified the amulet "Dipnudox" {-Tele +Rage rF+++ rC- Int+4} (You took it off a deep elf annihilator on level 1 of the Elven Halls)
 51524 | Elf:3    | Entered Level 3 of the Elven Halls
 52597 | Elf:3    | Got a coiled steel ring
 52861 | Elf:3    | Identified the Papyrus of Bewitching Talismans
 52886 | Elf:3    | Got a slimy broad axe
 52890 | Elf:3    | Got a vibrating silver ring
 52944 | Elf:3    | Identified the +1 broad axe "Ujuotot" {holy, +Rage rElec MR++} (You found it on level 3 of the Elven Halls)
 52996 | Elf:3    | Identified the ring "Ysi Sups" {rElec rF+ MR+ MP-9 Dex+2} (You found it on level 3 of the Elven Halls)
 53771 | Depths:2 | Noticed Aizul
 53777 | Depths:2 | Killed Aizul
 54080 | Depths:5 | Entered Level 5 of the Depths
 54083 | Depths:5 | Found a deep blue altar of Sif Muna.
 54262 | Depths:5 | Found a gate to the Realm of Zot.
 54263 | Depths:5 | Reached XP level 27. HP: 116/220 MP: 20/33
 55007 | Depths:5 | Found Neclyppuy's Quality Used Wands.
 55653 | Depths:5 | Got a heavily runed cloak
 55655 | Depths:5 | Identified a +7 executioner's axe of holy wrath (a +5 executioner's axe of freezing blessed by the Shining One)
 55655 | Depths:5 | Received a gift from the Shining One
 55657 | Depths:5 | Identified the +2 cloak "Nailuc" {rN+++} (You acquired it on level 5 of the Depths)
 56025 | Vaults:5 | Entered Level 5 of the Vaults
 56034 | Vaults:5 | Noticed an ancient lich
 56047 | Vaults:5 | Killed an ancient lich
 56274 | Vaults:5 | HP: 3/222 [vault warden/glaive of protection (18)]
 56874 | Vaults:5 | Got an ancient tin ring
 57007 | Vaults:5 | Got a twitching turquoise ring
 57703 | Vaults:5 | Got a crystal war axe
 57828 | Vaults:5 | Identified Sif Muna's Papyrus of the Oath
 58009 | Vaults:5 | Found Zorefa's Assorted Antiques.
 58027 | Vaults:5 | Bought a scroll of acquirement for 2028 gold pieces
 58027 | Vaults:5 | Bought an embroidered cloak for 292 gold pieces
 58448 | Vaults:5 | Got a silver rune of Zot
 58455 | Vaults:5 | Identified the ring "Famoem" {rPois rC+ MP+9} (You took it off an ironheart preserver on level 5 of the Vaults)
 58456 | Vaults:5 | Identified the ring of Rypoacri {+Fly Slay+2} (You took it off a vault sentinel on level 5 of the Vaults)
 58949 | Zot:1    | Entered Level 1 of the Realm of Zot
 59627 | Zot:1    | Identified the +6 war axe of Resourcefulness {flame, +Fly rC++} (You found it on level 5 of the Vaults)
 60728 | Zot:1    | Reached skill level 15 in Armour
 62930 | Zot:4    | Noticed an orb of fire
 62932 | Zot:4    | Gained mutation: You are frail. (-10% HP) [an orb of fire]
 62948 | Zot:4    | Gained mutation: Your body sometimes deteriorates upon taking damage. [an orb of fire]
 62949 | Zot:4    | Gained mutation: Your body often deteriorates upon taking damage. [an orb of fire]
 62952 | Zot:4    | Killed an orb of fire
 63249 | Depths:3 | You paid a toll of +2 gold dragon scales to enter a treasure trove
 63250 | Trove    | Entered a treasure trove
 63421 | Depths:1 | Got a pair of shimmering boots
 63424 | Depths:1 | Identified the +1 pair of boots of Konlum {rPois} (You acquired it on level 1 of the Depths)
 63585 | Depths:1 | Lost mutation: Your magical capacity is low. (-10% MP) [potion of mutation]
 63585 | Depths:1 | Lost mutation: Your body often deteriorates upon taking damage. [potion of mutation]
 63585 | Depths:1 | Lost mutation: Your body sometimes deteriorates upon taking damage. [potion of mutation]
 63585 | Depths:1 | Lost mutation: You are frail. (-10% HP) [potion of mutation]
 63585 | Depths:1 | Gained mutation: You are partially covered in molten scales. (AC +2) [potion of mutation]
 63585 | Depths:1 | Gained mutation: You are somewhat resistant to further mutation. [potion of mutation]
 63622 | Depths:4 | Voluntarily entered the Abyss.
 63841 | Abyss:3  | Found a corrupted altar of Lugonu.
 63908 | Abyss:3  | Found a corrupted altar of Lugonu.
 64098 | Abyss:3  | Got an abyssal rune of Zot
 64120 | Depths:4 | Escaped the Abyss
 64247 | Pan      | Entered Pandemonium
 64421 | Pan      | Gained mutation: Your magical capacity is low. (-10% MP) [a cacodemon]
 64509 | Pan      | Found an exit through the horrors of the Abyss.
 64847 | Pan      | Noticed Meloot the pandemonium lord
 64856 | Pan      | Killed Meloot the pandemonium lord
 65061 | Pan      | Noticed Uqyil the pandemonium lord
 65071 | Pan      | Killed Uqyil the pandemonium lord
 65326 | Pan      | Found an exit through the horrors of the Abyss.
 65842 | Pan      | Found an exit through the horrors of the Abyss.
 65930 | Pan      | Noticed Guverede the pandemonium lord
 65935 | Pan      | Killed Guverede the pandemonium lord
 67051 | Pan      | Got a demonic rune of Zot
 67053 | Pan      | Identified Waeteupt's Handbook of Poison
 67097 | Pan      | Found an exit through the horrors of the Abyss.
 67238 | Pan      | Noticed Laynkog the pandemonium lord
 67244 | Pan      | Killed Laynkog the pandemonium lord
 67856 | Pan      | Noticed Pylebbul the pandemonium lord
 67860 | Pan      | Killed Pylebbul the pandemonium lord
 68422 | Pan      | Found an exit through the horrors of the Abyss.
 69188 | Pan      | Found an exit through the horrors of the Abyss.
 69577 | Pan      | Noticed Daunnam the pandemonium lord
 69599 | Pan      | Killed Daunnam the pandemonium lord
 69844 | Pan      | Found an exit through the horrors of the Abyss.
 70064 | Pan      | Noticed Illad the pandemonium lord
 70072 | Pan      | Killed Illad the pandemonium lord
 70420 | Depths:3 | Escaped Pandemonium
 70684 | Pan      | Entered Pandemonium
 70715 | Pan      | Noticed Reycse the pandemonium lord
 70720 | Pan      | Killed Reycse the pandemonium lord
 70761 | Pan      | Found an exit through the horrors of the Abyss.
 71325 | Pan      | Got a polished plate armour
 71331 | Pan      | Identified the +2 plate armour "Ytiskowk" {rPois Str+8 Int+9 Dex-4} (You acquired it in Pandemonium)
 72186 | Pan      | Identified the Papyrus of the Blistering Compass
 72212 | Pan      | Found an exit through the horrors of the Abyss.
 72768 | Pan      | Noticed Duder the pandemonium lord
 72770 | Pan      | Gained mutation: You are weak. (Str -2) [a cacodemon]
 72783 | Pan      | Killed Duder the pandemonium lord
 73052 | Pan      | Found an exit through the horrors of the Abyss.
 73398 | Pan      | Noticed Veloe the pandemonium lord
 73403 | Pan      | Killed Veloe the pandemonium lord
 73667 | Pan      | Found an exit through the horrors of the Abyss.
 73819 | Pan      | Entered the realm of Gloorx Vloq.
 74045 | Pan      | Noticed Gloorx Vloq
 74057 | Pan      | Killed Gloorx Vloq
 74097 | Pan      | Got a dark rune of Zot
 74455 | Pan      | Found an exit through the horrors of the Abyss.
 74591 | Pan      | Gained mutation: You are dopey. (Int -2) [a cacodemon]
 74705 | Pan      | Noticed Peiboli the pandemonium lord
 74715 | Pan      | Killed Peiboli the pandemonium lord
 75163 | Pan      | Found an exit through the horrors of the Abyss.
 75781 | Pan      | Noticed Welafipp the pandemonium lord
 75800 | Pan      | Killed Welafipp the pandemonium lord
 75921 | Pan      | Found an exit through the horrors of the Abyss.
 76773 | Pan      | Found an exit through the horrors of the Abyss.
 76797 | Pan      | Noticed Koastuir the pandemonium lord
 76805 | Pan      | Killed Koastuir the pandemonium lord
 77263 | Pan      | Found an exit through the horrors of the Abyss.
 77371 | Pan      | Reached skill level 27 in Axes
 77433 | Pan      | Noticed Viohedod the pandemonium lord
 77454 | Pan      | Killed Viohedod the pandemonium lord
 78297 | Pan      | Noticed Atysozio the pandemonium lord
 78319 | Pan      | Killed Atysozio the pandemonium lord
 78935 | Pan      | Identified Uwkab's Collected Works on Excruciating Transformation
 79261 | Pan      | Found an exit through the horrors of the Abyss.
 79626 | Pan      | Found an exit through the horrors of the Abyss.
 79702 | Pan      | Reached skill level 27 in Shields
 79817 | Pan      | Noticed Ocaps the pandemonium lord
 79829 | Pan      | Killed Ocaps the pandemonium lord
 80397 | Pan      | Found an exit through the horrors of the Abyss.
 80420 | Pan      | Noticed Inenuuv the pandemonium lord
 80433 | Pan      | Killed Inenuuv the pandemonium lord
 80850 | Pan      | Found an exit through the horrors of the Abyss.
 81129 | Pan      | Noticed Oxaptik the pandemonium lord
 81139 | Pan      | Killed Oxaptik the pandemonium lord
 81403 | Pan      | Gained mutation: You expend magic power (3 MP) to strengthen your wands. [a neqoxec]
 81806 | Pan      | Found an exit through the horrors of the Abyss.
 82722 | Pan      | Noticed Sasuew the pandemonium lord
 82728 | Pan      | Killed Sasuew the pandemonium lord
 83154 | Pan      | Found an exit through the horrors of the Abyss.
 83375 | Pan      | Found an exit through the horrors of the Abyss.
 83580 | Pan      | Noticed Qoell the pandemonium lord
 83589 | Pan      | Killed Qoell the pandemonium lord
 84164 | Pan      | Found an exit through the horrors of the Abyss.
 84258 | Pan      | Gained mutation: You are frail. (-10% HP) [a neqoxec]
 84309 | Pan      | Reached skill level 27 in Fighting
 84322 | Pan      | Noticed Qiesus the pandemonium lord
 84327 | Pan      | Killed Qiesus the pandemonium lord
 84772 | Pan      | Entered the realm of Cerebov.
 84992 | Pan      | Found an exit through the horrors of the Abyss.
 85651 | Pan      | Reached skill level 27 in Invocations
 85948 | Pan      | Got an iridescent battleaxe
 85974 | Pan      | Identified the +4 battleaxe of Discomfort {pain, rPois} (You found it in Pandemonium)
 85980 | Pan      | Got a steaming arbalest
 85986 | Pan      | Got a bloodstained dagger
 85987 | Pan      | Identified the +7 arbalest of Victory {flame, +Inv Str+2 Int-4 Stlth+} (You found it in Pandemonium)
 85988 | Pan      | Identified the cursed +1 dagger "Visovov" {freeze, rPois Int+2 Stlth-} (You found it in Pandemonium)
 86047 | Pan      | Got a faintly glowing quarterstaff
 86048 | Pan      | Identified the +3 quarterstaff of Truncation {protect, +Rage rPois MR- Str+3 Dex+4} (You found it in Pandemonium)
 86119 | Pan      | Noticed Cerebov
 86136 | Pan      | Killed Cerebov
 86503 | Pan      | Got a fiery rune of Zot
 86740 | Pan      | Noticed Fotoig the pandemonium lord
 86746 | Pan      | Killed Fotoig the pandemonium lord
 86904 | Pan      | Gained mutation: Potions are less effective at restoring your health. [a cacodemon]
 86906 | Pan      | Gained mutation: Your body sometimes deteriorates upon taking damage. [a cacodemon]
 87174 | Pan      | Gained mutation: Your magical capacity is very low. (-20% MP) [a cacodemon]
 87722 | Pan      | Found an exit through the horrors of the Abyss.
 88022 | Pan      | Found an exit through the horrors of the Abyss.
 88208 | Pan      | Found a runed door.
 88453 | Pan      | Noticed Pecuyg the pandemonium lord
 88462 | Pan      | Killed Pecuyg the pandemonium lord
 88672 | Pan      | Noticed Kaejor the pandemonium lord
 88675 | Pan      | Gained mutation: You are clumsy. (Dex -2) [a cacodemon]
 88677 | Pan      | Killed Kaejor the pandemonium lord
 88784 | Pan      | Found an exit through the horrors of the Abyss.
 89160 | Depths:3 | Escaped Pandemonium
 89345 | Depths:1 | Lost mutation: You are dopey. (Int -2) [potion of mutation]
 89345 | Depths:1 | Lost mutation: You are frail. (-10% HP) [potion of mutation]
 89346 | Depths:1 | Lost mutation: Your body sometimes deteriorates upon taking damage. [potion of mutation]
 89346 | Depths:1 | Lost mutation: You expend magic power (3 MP) to strengthen your wands. [potion of mutation]
 89346 | Depths:1 | Lost mutation: You are weak. (Str -2) [potion of mutation]
 89346 | Depths:1 | Lost mutation: You are somewhat resistant to further mutation. [potion of mutation]
 89346 | Depths:1 | Lost mutation: Your magical capacity is very low. (-20% MP) [potion of mutation]
 89346 | Depths:1 | Gained mutation: Your body sometimes deteriorates upon taking damage. [potion of mutation]
 89346 | Depths:1 | Lost mutation: You are covered in fur. (AC +1) [potion of mutation]
 89346 | Depths:1 | Gained mutation: Your spells are a little harder to cast, but a little more powerful. [potion of mutation]
 89347 | Depths:1 | Lost mutation: Your body sometimes deteriorates upon taking damage. [potion of mutation]
 89347 | Depths:1 | Lost mutation: Your magical capacity is low. (-10% MP) [potion of mutation]
 89347 | Depths:1 | Lost mutation: You are clumsy. (Dex -2) [potion of mutation]
 89347 | Depths:1 | Lost mutation: Your spells are a little harder to cast, but a little more powerful. [potion of mutation]
 89347 | Depths:1 | Gained mutation: Your spells are a little easier to cast, but a little less powerful. [potion of mutation]
 89347 | Depths:1 | Gained mutation: You are agile. (Dex +2) [potion of mutation]
 89464 | Pan      | Entered the realm of Lom Lobon.
 89464 | Pan      | Entered Pandemonium
 89831 | Pan      | Noticed Lom Lobon
 89851 | Pan      | Killed Lom Lobon
 89910 | Pan      | Got a magical rune of Zot
 90479 | Pan      | Found an exit through the horrors of the Abyss.
 90601 | Pan      | Noticed Bitaodd the pandemonium lord
 90611 | Pan      | Killed Bitaodd the pandemonium lord
 90688 | Pan      | Found an exit through the horrors of the Abyss.
 91471 | Pan      | Gained mutation: Your spells are easier to cast, but less powerful. [a neqoxec]
 91619 | Pan      | Noticed Belaepria the pandemonium lord
 91627 | Pan      | Killed Belaepria the pandemonium lord
 91725 | Pan      | Found an exit through the horrors of the Abyss.
 92244 | Pan      | Entered the realm of Mnoleg.
 92277 | Pan      | Found an exit through the horrors of the Abyss.
 92310 | Pan      | Noticed Mnoleg
 92329 | Pan      | Killed Mnoleg
 92390 | Pan      | Identified Ogaca's Incunabulum of the Quantum Rocks
 92488 | Pan      | Got a glowing rune of Zot
 92702 | Pan      | Gained mutation: You are dopey. (Int -2) [a neqoxec]
 92705 | Pan      | Lost mutation: Your spells are easier to cast, but less powerful. [a neqoxec]
 93120 | Pan      | Found an exit through the horrors of the Abyss.
 93513 | Pan      | Reached skill level 27 in Evocations
 93541 | Pan      | Found a runed door.
 93558 | Pan      | Found a runed door.
 93635 | Pan      | Found a runed door.
 93660 | Pan      | Found a runed door.
 93851 | Pan      | Noticed Damiph the pandemonium lord
 93856 | Pan      | Killed Damiph the pandemonium lord
 94131 | Pan      | Found an exit through the horrors of the Abyss.
 94190 | Pan      | Noticed Ceoburgh the pandemonium lord
 94198 | Pan      | Killed Ceoburgh the pandemonium lord
 94224 | Pan      | Reached skill level 27 in Armour
 94228 | Pan      | Reached skill level 1 in Throwing
 94766 | Pan      | Reached skill level 1 in Dodging
 94766 | Pan      | Reached skill level 1 in Spellcasting
 95607 | Pan      | Noticed Kimourgh the pandemonium lord
 95612 | Pan      | Reached skill level 5 in Spellcasting
 95618 | Pan      | Killed Kimourgh the pandemonium lord
 95641 | Pan      | Identified the Papyrus of the Captivating Mountains
 95775 | Pan      | Reached skill level 5 in Dodging
 95791 | Pan      | Found an exit through the horrors of the Abyss.
 96203 | Pan      | Noticed Tuavuon the pandemonium lord
 96211 | Pan      | Killed Tuavuon the pandemonium lord
 96289 | Pan      | Found an exit through the horrors of the Abyss.
 97540 | Pan      | Found a white marble altar of Elyvilon.
 97754 | Pan      | Reached skill level 10 in Spellcasting
 98191 | Pan      | Found a glowing silver altar of Zin.
 98639 | Pan      | Reached skill level 10 in Dodging
 99532 | Pan      | Got a steaming dagger
 99533 | Pan      | Identified the +2 dagger of the Eel {pierce, MR+ Int+2 Dex+2} (You found it in Pandemonium)
 99696 | Pan      | Got a pair of pitted gloves
 99697 | Pan      | Identified the +2 pair of gloves of Vevaceu {Int+2} (You found it in Pandemonium)
 99855 | Pan      | Noticed a seraph
 99871 | Pan      | Killed a seraph
 99899 | Pan      | Found a glowing golden altar of the Shining One.
 99994 | Pan      | Got a sparkling pewter ring
100543 | Depths:3 | Escaped Pandemonium
100683 | Depths:1 | Identified the ring "Jurghaf" {MR+ Str+4} (You took it off an angel in Pandemonium)
101101 | Pan      | Entered Pandemonium
101139 | Pan      | Found an exit through the horrors of the Abyss.
101198 | Pan      | Found a huge runed gate.
101555 | Pan      | Noticed Raseheicza the pandemonium lord
101568 | Pan      | Killed Raseheicza the pandemonium lord
102183 | Pan      | Noticed Fuwnih the pandemonium lord
102196 | Pan      | Killed Fuwnih the pandemonium lord
102515 | Pan      | Found an exit through the horrors of the Abyss.
102731 | Pan      | Reached skill level 15 in Spellcasting
102822 | Pan      | Found an exit through the horrors of the Abyss.
102936 | Pan      | Noticed Zuoqig Geromn the pandemonium lord
102963 | Pan      | Killed Zuoqig Geromn the pandemonium lord
103053 | Pan      | Gained mutation: You are very dopey. (Int -4) [a neqoxec]
103055 | Pan      | Gained mutation: You expend magic power (3 MP) to strengthen your wands. [a neqoxec]
103463 | Pan      | Noticed Neyn the pandemonium lord
103466 | Pan      | Noticed Ignacio
103472 | Pan      | Killed Neyn the pandemonium lord
103478 | Pan      | Killed Ignacio
103789 | Pan      | Gained mutation: Your body sometimes deteriorates upon taking damage. [a neqoxec]
103872 | Pan      | Found an exit through the horrors of the Abyss.
103997 | Pan      | Reached skill level 15 in Dodging
104228 | Pan      | Found an exit through the horrors of the Abyss.
104284 | Pan      | Noticed Faeff the pandemonium lord
104291 | Pan      | Killed Faeff the pandemonium lord
105457 | Pan      | Noticed Jiqy Yphi the pandemonium lord
105460 | Pan      | Killed Jiqy Yphi the pandemonium lord
105983 | Pan      | Found an exit through the horrors of the Abyss.
106688 | Pan      | Gained mutation: Armour fits poorly on your strangely shaped body. [a neqoxec]
106846 | Pan      | Gained mutation: Your spells are easier to cast, but less powerful. [a cacodemon]
106939 | Pan      | Found an exit through the horrors of the Abyss.
107021 | Pan      | Gained mutation: Potions are poor at restoring your health. [a neqoxec]
107283 | Pan      | Noticed Egup the pandemonium lord
107294 | Pan      | Killed Egup the pandemonium lord
108372 | Pan      | Got a faintly glowing garnet amulet
108574 | Pan      | Found an exit through the horrors of the Abyss.
108902 | Pan      | Found an exit through the horrors of the Abyss.
109085 | Pan      | Noticed Boisaam the pandemonium lord
109095 | Pan      | Killed Boisaam the pandemonium lord
110328 | Pan      | Noticed Ugumy the pandemonium lord
110337 | Pan      | Killed Ugumy the pandemonium lord
110480 | Pan      | Found an exit through the horrors of the Abyss.
111279 | Pan      | Found an exit through the horrors of the Abyss.
111395 | Pan      | Got a wavering amber ring
111423 | Pan      | Noticed Haogid the pandemonium lord
111423 | Pan      | Gained mutation: Your body often deteriorates upon taking damage. [a cacodemon]
111436 | Pan      | Killed Haogid the pandemonium lord
111563 | Pan      | Gained mutation: Your magical capacity is low. (-10% MP) [a cacodemon]
111806 | Pan      | Lost mutation: You are agile. (Dex +2) [a cacodemon]
111900 | Pan      | Noticed Teuchu the pandemonium lord
111907 | Pan      | Killed Teuchu the pandemonium lord
111965 | Pan      | Gained mutation: You are weak. (Str -2) [a cacodemon]
112093 | Pan      | Found an exit through the horrors of the Abyss.
112289 | Pan      | Gained mutation: Scrolls take you a little longer to read. [a cacodemon]
112308 | Pan      | Found a runed door.
112311 | Pan      | Found a runed door.
112326 | Pan      | Noticed Keidozur the pandemonium lord
112326 | Pan      | Found a runed door.
112342 | Pan      | Killed Keidozur the pandemonium lord
112356 | Pan      | Found a runed door.
112865 | Pan      | Found an exit through the horrors of the Abyss.
112968 | Pan      | Found an exit through the horrors of the Abyss.
113476 | Pan      | Noticed Cuem the pandemonium lord
113487 | Pan      | Killed Cuem the pandemonium lord
113782 | Pan      | Identified the amulet "Soid" {Faith rPois} (You found it in Pandemonium)
113784 | Pan      | Identified the ring "Leojeesh" {rF+ Str+4 Int+4 Dex-3 Stlth+} (You found it in Pandemonium)
113907 | Pan      | Found an exit through the horrors of the Abyss.
114150 | Pan      | Noticed Hiene the pandemonium lord
114156 | Pan      | Killed Hiene the pandemonium lord
114594 | Pan      | Noticed Viexi the pandemonium lord
114599 | Pan      | Killed Viexi the pandemonium lord
114676 | Pan      | Found an exit through the horrors of the Abyss.
115299 | Pan      | Noticed Lilel the pandemonium lord
115313 | Pan      | Killed Lilel the pandemonium lord
115315 | Pan      | Lost mutation: You are weak. (Str -2) [a neqoxec]
115321 | Pan      | Gained mutation: You are weak. (Str -2) [a neqoxec]
115443 | Pan      | Found an exit through the horrors of the Abyss.
115842 | Pan      | Gained mutation: You are clumsy. (Dex -2) [a neqoxec]
115861 | Pan      | Noticed Roomayxt the pandemonium lord
115872 | Pan      | Killed Roomayxt the pandemonium lord
116019 | Pan      | Gained mutation: You are frail. (-10% HP) [a neqoxec]
116089 | Pan      | Gained mutation: You are very weak. (Str -4) [a neqoxec]
116235 | Pan      | Found an exit through the horrors of the Abyss.
116670 | Pan      | Found an exit through the horrors of the Abyss.
116715 | Pan      | Noticed Numap the pandemonium lord
116722 | Pan      | Killed Numap the pandemonium lord
116873 | Pan      | Gained mutation: You occasionally shout uncontrollably at your foes. [a neqoxec]
117194 | Pan      | Gained mutation: Potions cannot restore your health. [a neqoxec]
117501 | Pan      | Found an exit through the horrors of the Abyss.
117865 | Pan      | Gained mutation: You sometimes yell uncontrollably at your foes. [a neqoxec]
118056 | Pan      | Gained mutation: You are very frail. (-20% HP) [a neqoxec]
118611 | Pan      | Found an exit through the horrors of the Abyss.
118650 | Pan      | Gained mutation: Scrolls take you longer to read. [a cacodemon]
118882 | Pan      | Noticed Juaci the pandemonium lord
118891 | Pan      | Killed Juaci the pandemonium lord
119305 | Pan      | Found an exit through the horrors of the Abyss.
119378 | Pan      | Noticed Omer the pandemonium lord
119409 | Pan      | Killed Omer the pandemonium lord
120322 | Pan      | Noticed Hasuav the pandemonium lord
120659 | Pan      | Killed Hasuav the pandemonium lord
120900 | Pan      | Found a runed door.
120988 | Pan      | Found an exit through the horrors of the Abyss.
121330 | Pan      | Found an exit through the horrors of the Abyss.
121639 | Pan      | Gained mutation: Your magical capacity is very low. (-20% MP) [a cacodemon]
121814 | Pan      | Noticed Ukatut the pandemonium lord
121828 | Pan      | Killed Ukatut the pandemonium lord
121843 | Pan      | Got a scorched ivory amulet
121847 | Pan      | Identified the amulet of Megin {Inacc rN+ MR- Int+2} (You found it in Pandemonium)
121938 | Pan      | Noticed Bexzyiq the pandemonium lord
121943 | Pan      | Killed Bexzyiq the pandemonium lord
122024 | Pan      | Found an exit through the horrors of the Abyss.
122635 | Pan      | Gained mutation: You do not regenerate when monsters are visible. [a cacodemon]
122699 | Pan      | Found an exit through the horrors of the Abyss.
122988 | Pan      | Noticed Ketay the pandemonium lord
122997 | Pan      | Killed Ketay the pandemonium lord
123515 | Pan      | Noticed Unasify the pandemonium lord
123533 | Pan      | Killed Unasify the pandemonium lord
123752 | Pan      | Gained mutation: You are very clumsy. (Dex -4) [a neqoxec]
123835 | Pan      | Found an exit through the horrors of the Abyss.
124280 | Pan      | Found an exit through the horrors of the Abyss.
125398 | Pan      | Found an exit through the horrors of the Abyss.
125478 | Pan      | Noticed Cithroha the pandemonium lord
125485 | Pan      | Killed Cithroha the pandemonium lord
126372 | Pan      | Gained mutation: Your magical capacity is extremely low. (-30% MP) [a cacodemon]
126416 | Pan      | Noticed Zuefuy the pandemonium lord
126435 | Pan      | Killed Zuefuy the pandemonium lord
126459 | Pan      | Reached skill level 1 in Short Blades
126461 | Pan      | Reached skill level 27 in Spellcasting
126472 | Pan      | The Shining One protects you from harm!
127185 | Pan      | Found an exit through the horrors of the Abyss.
127875 | Pan      | Noticed Haonom Yqil the pandemonium lord
127881 | Pan      | Killed Haonom Yqil the pandemonium lord
128090 | Pan      | Found an exit through the horrors of the Abyss.
128650 | Depths:3 | Escaped Pandemonium
129443 | D:8      | Bought a potion of might for 52 gold pieces
129443 | D:8      | Bought a potion of magic for 104 gold pieces
129443 | D:8      | Bought 2 potions of degeneration for 26 gold pieces
129443 | D:8      | Bought a potion of curing for 39 gold pieces
129443 | D:8      | Bought a potion of degeneration for 13 gold pieces
129443 | D:8      | Bought 2 potions of curing for 78 gold pieces
129443 | D:8      | Bought a potion of lignification for 39 gold pieces
129443 | D:8      | Bought a potion of mutation for 104 gold pieces
129443 | D:8      | Bought a potion of curing for 39 gold pieces
129443 | D:8      | Bought a potion of ambrosia for 104 gold pieces
129443 | D:8      | Bought a potion of brilliance for 52 gold pieces
129443 | D:8      | Bought a potion of agility for 52 gold pieces
129446 | D:8      | Lost mutation: Armour fits poorly on your strangely shaped body. [potion of mutation]
129446 | D:8      | Lost mutation: Scrolls take you longer to read. [potion of mutation]
129446 | D:8      | Lost mutation: Your body often deteriorates upon taking damage. [potion of mutation]
129446 | D:8      | Gained mutation: You are resistant to electric shocks. (rElec) [potion of mutation]
129447 | D:8      | Lost mutation: You are very frail. (-20% HP) [potion of mutation]
129447 | D:8      | Lost mutation: Your magical capacity is extremely low. (-30% MP) [potion of mutation]
129447 | D:8      | Lost mutation: You expend magic power (3 MP) to strengthen your wands. [potion of mutation]
129447 | D:8      | Lost mutation: Your spells are easier to cast, but less powerful. [potion of mutation]
129447 | D:8      | Lost mutation: Your spells are a little easier to cast, but a little less powerful. [potion of mutation]
129447 | D:8      | Lost mutation: You are very weak. (Str -4) [potion of mutation]
129447 | D:8      | Lost mutation: Your body sometimes deteriorates upon taking damage. [potion of mutation]
129447 | D:8      | Gained mutation: Your spells are a little harder to cast, but a little more powerful. [potion of mutation]
129448 | D:8      | Lost mutation: Potions cannot restore your health. [potion of mutation]
129448 | D:8      | Lost mutation: You do not regenerate when monsters are visible. [potion of mutation]
129448 | D:8      | Lost mutation: Scrolls take you a little longer to read. [potion of mutation]
129448 | D:8      | Lost mutation: You are frail. (-10% HP) [potion of mutation]
129448 | D:8      | Lost mutation: You are weak. (Str -2) [potion of mutation]
129448 | D:8      | Lost mutation: You sometimes yell uncontrollably at your foes. [potion of mutation]
129448 | D:8      | Lost mutation: Potions are poor at restoring your health. [potion of mutation]
129448 | D:8      | Lost mutation: Your magical capacity is very low. (-20% MP) [potion of mutation]
129448 | D:8      | Gained mutation: You are resistant to hostile enchantments. (MR+) [potion of mutation]
129449 | D:8      | Lost mutation: Your spells are a little harder to cast, but a little more powerful. [potion of mutation]
129449 | D:8      | Lost mutation: You occasionally shout uncontrollably at your foes. [potion of mutation]
129449 | D:8      | Lost mutation: You are very clumsy. (Dex -4) [potion of mutation]
129449 | D:8      | Gained mutation: Your muscles are strong. (Str +2) [potion of mutation]
129449 | D:8      | Gained mutation: Your flesh is cold resistant. (rC+) [potion of mutation]
129449 | D:8      | Gained mutation: You are partially covered in large bone plates. (SH +4) [potion of mutation]
129653 | Depths:1 | Learned a level 1 spell: Sandblast
129693 | Depths:1 | Got a smoking crystal plate armour
129696 | Depths:1 | Identified the +6 crystal plate armour of the Eternal Void {+Inv rPois Str-5 Dex+4} (You acquired it on level 1 of the Depths)
130034 | Slime:1  | Entered Level 1 of the Pits of Slime
130044 | Slime:2  | Reached skill level 1 in Earth Magic
130065 | Slime:2  | Gained mutation: Your spells are a little easier to cast, but a little less powerful. [a shining eye]
130066 | Slime:2  | Gained mutation: You are frail. (-10% HP) [a shining eye]
130163 | Slime:3  | Noticed prototypeXXsupercool's ghost (adept HOFi)
130170 | Slime:3  | Killed prototypeXXsupercool's ghost
130355 | Slime:4  | Reached skill level 5 in Earth Magic
130414 | Slime:5  | Entered Level 5 of the Pits of Slime
130457 | Slime:5  | Noticed the Royal Jelly
130475 | Slime:5  | Killed the Royal Jelly
130520 | Slime:5  | Gained mutation: Armour fits poorly on your strangely shaped body. [a shining eye]
130522 | Slime:5  | Gained mutation: Scrolls take you a little longer to read. [a shining eye]
130530 | Slime:5  | Gained mutation: You are very clumsy. (Dex -4) [a shining eye]
130849 | Slime:5  | Got a smelly plate armour
130861 | Slime:5  | Got a serpentine lead ring
130863 | Slime:5  | Got a slimy rune of Zot
130869 | Slime:5  | Identified the Disquisition on Flight
130957 | Slime:5  | Got a scorched silver ring
131299 | Depths:1 | Identified the +6 plate armour "Vietargh" {*Corrode +Blink rPois rC+} (You found it on level 5 of the Pits of Slime)
131320 | Depths:1 | Identified the ring of Huezydus {-Tele rElec rC+++ Slay+6 Stlth-} (You found it on level 5 of the Pits of Slime)
131322 | Depths:1 | Identified the ring of Finality {Fire Int+6 Dex-4} (You found it on level 5 of the Pits of Slime)
131403 | Depths:1 | Lost mutation: Your muscles are strong. (Str +2) [potion of mutation]
131403 | Depths:1 | Lost mutation: You are very dopey. (Int -4) [potion of mutation]
131403 | Depths:1 | Lost mutation: You are dopey. (Int -2) [potion of mutation]
131403 | Depths:1 | Lost mutation: You are frail. (-10% HP) [potion of mutation]
131403 | Depths:1 | Lost mutation: Your spells are a little easier to cast, but a little less powerful. [potion of mutation]
131403 | Depths:1 | Lost mutation: Your magical capacity is low. (-10% MP) [potion of mutation]
131403 | Depths:1 | Gained mutation: Your spells are a little harder to cast, but a little more powerful. [potion of mutation]
131403 | Depths:1 | Gained mutation: Your mind is acute. (Int +2) [potion of mutation]
131404 | Depths:1 | Lost mutation: Scrolls take you a little longer to read. [potion of mutation]
131404 | Depths:1 | Lost mutation: You are resistant to electric shocks. (rElec) [potion of mutation]
131404 | Depths:1 | Lost mutation: Your flesh is cold resistant. (rC+) [potion of mutation]
131404 | Depths:1 | Lost mutation: You are partially covered in large bone plates. (SH +4) [potion of mutation]
131404 | Depths:1 | Lost mutation: You are very clumsy. (Dex -4) [potion of mutation]
131404 | Depths:1 | Gained mutation: Your spells are harder to cast, but more powerful. [potion of mutation]
131404 | Depths:1 | Gained mutation: You are surrounded by a mild repulsion field. (EV +2) [potion of mutation]
131405 | Depths:1 | Lost mutation: You are resistant to hostile enchantments. (MR+) [potion of mutation]
131405 | Depths:1 | Lost mutation: You are clumsy. (Dex -2) [potion of mutation]
131405 | Depths:1 | Lost mutation: Your mind is acute. (Int +2) [potion of mutation]
131405 | Depths:1 | Gained mutation: You are weak. (Str -2) [potion of mutation]
131405 | Depths:1 | Gained mutation: You passively map a small area around you. [potion of mutation]
131406 | Depths:1 | Lost mutation: You are partially covered in molten scales. (AC +2) [potion of mutation]
131406 | Depths:1 | Lost mutation: Armour fits poorly on your strangely shaped body. [potion of mutation]
131406 | Depths:1 | Lost mutation: Potions are less effective at restoring your health. [potion of mutation]
131406 | Depths:1 | Gained mutation: Your mind is acute. (Int +2) [potion of mutation]
131406 | Depths:1 | Gained mutation: You possess an exceptional clarity of mind. [potion of mutation]
131474 | Hell     | Entered the Vestibule of Hell
131474 | Hell     | Noticed Geryon
131486 | Hell     | Killed Geryon
131557 | Hell     | Found a gateway to the Iron City of Dis.
131645 | Hell     | Found a gateway to the freezing wastes of Cocytus.
131667 | Coc:1    | Entered Level 1 of Cocytus
131671 | Coc:1    | You fall through a shaft!
131674 | Coc:2    | You fall through a shaft!
131677 | Coc:3    | You fall through a shaft!
131680 | Coc:4    | You fall through a shaft for 2 floors!
131683 | Coc:6    | You fall through a shaft!
131683 | Coc:7    | Entered Level 7 of Cocytus
131691 | Coc:7    | Noticed a shard shrike
131692 | Coc:7    | Noticed a shard shrike
131696 | Coc:7    | Reached skill level 10 in Earth Magic
131697 | Coc:7    | Killed a shard shrike
131701 | Coc:7    | Killed a shard shrike
131723 | Coc:7    | Noticed a shard shrike
131724 | Coc:7    | Noticed a shard shrike
131745 | Coc:7    | Killed a shard shrike
131751 | Coc:7    | Killed a shard shrike
132004 | Coc:7    | Reached skill level 27 in Dodging
132060 | Coc:7    | Noticed a shard shrike
132070 | Coc:7    | Killed a shard shrike
132385 | Coc:7    | Reached skill level 15 in Earth Magic
132394 | Coc:7    | Noticed Antaeus
132412 | Coc:7    | Killed Antaeus
132431 | Coc:7    | Got an icy rune of Zot
132646 | Hell     | Found a gateway to the decaying netherworld of Tartarus.
132658 | Tar:1    | Entered Level 1 of Tartarus
132663 | Tar:1    | You fall through a shaft!
132666 | Tar:2    | You fall through a shaft for 2 floors!
132669 | Tar:4    | You fall through a shaft!
132672 | Tar:5    | You fall through a shaft!
132675 | Tar:6    | You fall through a shaft!
132675 | Tar:7    | Entered Level 7 of Tartarus
133024 | Tar:7    | Identified Vimeunti's Collected Works on Bewitching Earth
133118 | Tar:7    | Noticed the Serpent of Hell
133128 | Tar:7    | Killed the Serpent of Hell
133128 | Tar:7    | Reached skill level 1 in Maces & Flails
133334 | Tar:7    | Got citrine-encrusted ice dragon scales
133337 | Tar:7    | Identified the +0 ice dragon scales of Viullu {+Fly rF- rC++} (You found it on level 7 of Tartarus)
133388 | Tar:7    | Noticed Ereshkigal
133403 | Tar:7    | Killed Ereshkigal
133428 | Tar:7    | Got a bone rune of Zot
133762 | Hell     | Found a gateway to the ashen valley of Gehenna.
133769 | Geh:1    | Entered Level 1 of Gehenna
133776 | Geh:1    | You fall through a shaft!
133779 | Geh:2    | You fall through a shaft!
133782 | Geh:3    | You fall through a shaft for 2 floors!
133785 | Geh:5    | You fall through a shaft!
133788 | Geh:6    | You fall through a shaft!
133788 | Geh:7    | Entered Level 7 of Gehenna
134069 | Geh:7    | Reached skill level 1 in Staves
134140 | Geh:7    | Noticed Asmodeus
134144 | Geh:7    | Killed Asmodeus
134223 | Geh:7    | Got an obsidian rune of Zot
134579 | Dis:1    | Entered Level 1 of the Iron City of Dis
134595 | Dis:1    | You fall through a shaft!
134598 | Dis:2    | You fall through a shaft!
134601 | Dis:3    | You fall through a shaft for 2 floors!
134604 | Dis:5    | You fall through a shaft!
134607 | Dis:6    | You fall through a shaft!
134607 | Dis:7    | Entered Level 7 of the Iron City of Dis
134668 | Dis:7    | Gained mutation: You have a somewhat thin skeletal structure. (Dex +2, Stealth) [mutagenic glow]
134709 | Dis:7    | Gained mutation: You are resistant to hostile enchantments. (MR+) [mutagenic glow]
134743 | Dis:7    | Gained mutation: Armour fits poorly on your strangely shaped body. [mutagenic glow]
135037 | Dis:7    | Noticed Dispater
135063 | Dis:7    | Killed Dispater
135099 | Dis:7    | Got an iron rune of Zot
135107 | Dis:7    | Got a smoking silver ring
135109 | Dis:7    | Got a jewelled rapier
135111 | Dis:7    | Identified the Compendium of Bewitching Feathers
135113 | Dis:7    | Identified the +10 rapier "Borghurr" {pierce, *Contam Int+4 Dex+5} (You found it on level 7 of the Iron City of Dis)
135114 | Dis:7    | Identified the ring "Biqorchue" {MR+ Stlth-} (You found it on level 7 of the Iron City of Dis)
135478 | Depths:1 | Reached skill level 27 in Earth Magic
135499 | Depths:1 | Learned a level 6 spell: Statue Form
135550 | Depths:1 | Bought 2 potions of flight for 66 gold pieces
135550 | Depths:1 | Bought a potion of might for 44 gold pieces
135550 | Depths:1 | Bought a potion of flight for 33 gold pieces
135550 | Depths:1 | Bought a potion of flight for 33 gold pieces
135550 | Depths:1 | Bought a potion of brilliance for 44 gold pieces
135921 | Crypt:1  | Entered Level 1 of the Crypt
135966 | Crypt:1  | Noticed Xtahua
135970 | Crypt:1  | Reached skill level 1 in Crossbows
135977 | Crypt:1  | Killed Xtahua
135977 | Crypt:1  | Reached skill level 1 in Transmutations
136662 | Crypt:2  | Reached skill level 5 in Transmutations
136703 | Crypt:2  | Reached skill level 5 in Crossbows
137219 | Crypt:3  | Entered Level 3 of the Crypt
137658 | Crypt:3  | Noticed Boris
137664 | Crypt:3  | Killed Boris
137708 | Crypt:3  | Got a steaming gossamer ring
137708 | Crypt:3  | Got a translucent pewter ring
137708 | Crypt:3  | Got a heavily runed pewter ring
137904 | Crypt:3  | Noticed an ancient lich
137909 | Crypt:3  | Killed an ancient lich
137909 | Crypt:3  | Reached skill level 10 in Transmutations
137914 | Crypt:3  | Noticed an ancient lich
137920 | Crypt:3  | Killed an ancient lich
137927 | Crypt:3  | Got a sparkling lead ring
138103 | Crypt:3  | Found an ancient bone altar of Kikubaaqudgha.
138288 | Crypt:3  | Found a staircase to the Tomb.
138641 | Tomb:1   | Entered Level 1 of the Tomb of the Ancients
138878 | Tomb:1   | Got a pair of dazzling gloves
138890 | Tomb:1   | Identified the cursed -2 pair of gloves of Henotheism {*Corrode rElec Dex+5} (You found it on level 1 of the Tomb of the Ancients)
138892 | Tomb:1   | Identified the ring of Satisfaction {rN+ Int+2} (You found it on level 3 of the Crypt)
138893 | Tomb:1   | Identified the ring "Ysiaweb" {rC- rN+ Str+6 Dex-2 Slay+5} (You found it on level 3 of the Crypt)
138894 | Tomb:1   | Identified the ring "Jish" {rPois rF- rN+ Str+4 Stlth+} (You found it on level 3 of the Crypt)
138895 | Tomb:1   | Identified the ring "Guelooll" {rElec MR+ SInv Stlth+} (You found it on level 3 of the Crypt)
138919 | Tomb:1   | Noticed Boris
138925 | Tomb:1   | Killed Boris
139170 | Tomb:1   | Noticed a greater mummy
139170 | Tomb:1   | Noticed a greater mummy
139171 | Tomb:1   | Noticed a greater mummy
139180 | Tomb:1   | Killed a greater mummy
139183 | Tomb:1   | Killed a greater mummy
139188 | Tomb:1   | Killed a greater mummy
139200 | Tomb:1   | Reached skill level 15 in Transmutations
139708 | Tomb:2   | Noticed a greater mummy
139708 | Tomb:2   | Noticed a greater mummy
139708 | Tomb:2   | Noticed a greater mummy
139708 | Tomb:2   | Noticed a greater mummy
139714 | Tomb:2   | Noticed ANON1729's ghost (legendary OpFE)
139723 | Tomb:2   | Killed a greater mummy
139725 | Tomb:2   | Killed a greater mummy
139728 | Tomb:2   | Killed a greater mummy
139729 | Tomb:2   | Killed a greater mummy
139736 | Tomb:2   | Killed ANON1729's ghost
140238 | Tomb:1   | Noticed a greater mummy
140238 | Tomb:1   | Noticed a greater mummy
140255 | Tomb:1   | Killed a greater mummy
140258 | Tomb:1   | Killed a greater mummy
140261 | Tomb:1   | Noticed a greater mummy
140266 | Tomb:1   | Noticed a greater mummy
140268 | Tomb:1   | Killed a greater mummy
140272 | Tomb:1   | Killed a greater mummy
140274 | Tomb:1   | Noticed a greater mummy
140277 | Tomb:1   | Noticed a greater mummy
140277 | Tomb:1   | Killed a greater mummy
140281 | Tomb:1   | Killed a greater mummy
140643 | Tomb:1   | Noticed a greater mummy
140649 | Tomb:1   | Killed a greater mummy
140716 | Tomb:1   | Noticed a greater mummy
140717 | Tomb:1   | Noticed a greater mummy
140723 | Tomb:1   | Killed a greater mummy
140724 | Tomb:1   | Noticed a greater mummy
140726 | Tomb:1   | Killed a greater mummy
140728 | Tomb:1   | Noticed a greater mummy
140730 | Tomb:1   | Noticed a greater mummy
140734 | Tomb:1   | Noticed a greater mummy
140735 | Tomb:1   | Killed a greater mummy
140746 | Tomb:1   | Killed a greater mummy
140753 | Tomb:1   | Killed a greater mummy
140755 | Tomb:1   | Killed a greater mummy
141409 | Tomb:2   | Noticed ANON1729's ghost (legendary OpFE)
141425 | Tomb:2   | Killed ANON1729's ghost
141839 | Tomb:3   | Entered Level 3 of the Tomb of the Ancients
141875 | Tomb:3   | Noticed a greater mummy
141876 | Tomb:3   | Noticed a greater mummy
141877 | Tomb:3   | Noticed Frederick
141877 | Tomb:3   | Noticed Sojobo
141881 | Tomb:3   | Noticed a greater mummy
141884 | Tomb:3   | Killed a greater mummy
141885 | Tomb:3   | Killed a greater mummy
141888 | Tomb:3   | Killed Sojobo
141894 | Tomb:3   | Killed Frederick
141895 | Tomb:3   | Killed a greater mummy
141898 | Tomb:3   | Noticed a greater mummy
141905 | Tomb:3   | Noticed an ancient lich
141908 | Tomb:3   | Killed a greater mummy
141912 | Tomb:3   | Killed an ancient lich
142102 | Tomb:3   | Noticed Khufu
142105 | Tomb:3   | Noticed a greater mummy
142107 | Tomb:3   | Killed Khufu
142113 | Tomb:3   | Noticed a greater mummy
142113 | Tomb:3   | Killed a greater mummy
142119 | Tomb:3   | Noticed a greater mummy
142121 | Tomb:3   | Killed a greater mummy
142127 | Tomb:3   | Killed a greater mummy
142432 | Tomb:3   | Got a bound garnet amulet
142438 | Tomb:3   | Got a scintillating crystal amulet
142457 | Tomb:3   | Got a faintly glowing steel ring
142460 | Tomb:3   | Identified the amulet "Zeodapla" {Spirit +Fly rElec rC- Slay+5} (You found it on level 3 of the Tomb of the Ancients)
142461 | Tomb:3   | Identified the amulet "Pueder" {Spirit Str+2 SInv Stlth+} (You found it on level 3 of the Tomb of the Ancients)
142462 | Tomb:3   | Identified the ring of Leaves {Str+2 Stlth+} (You found it on level 3 of the Tomb of the Ancients)
142481 | Tomb:3   | Identified Sif Muna's Collected Works on Supportive Intoxication
142657 | Tomb:3   | Got a golden rune of Zot
143379 | Depths:1 | Learned a level 9 spell: Shatter
143674 | Zig:1    | Entered Level 1 of a ziggurat
143696 | Zig:2    | Entered Level 2 of a ziggurat
143727 | Zig:3    | Entered Level 3 of a ziggurat
143759 | Zig:4    | Entered Level 4 of a ziggurat
143785 | Zig:4    | Got a glittering iron ring
143807 | Zig:5    | Entered Level 5 of a ziggurat
143812 | Zig:5    | Noticed an ancient lich
143821 | Zig:5    | Killed an ancient lich
143846 | Zig:6    | Entered Level 6 of a ziggurat
143897 | Zig:6    | Identified the ring "Tewyphat" {rElec Slay+3} (You found it on level 4 of a ziggurat)
143907 | Zig:7    | Entered Level 7 of a ziggurat
143941 | Zig:7    | Got a transparent bronze ring
143966 | Zig:7    | Identified the ring "Ogujysaph" {rPois rF- rC+ rN+} (You found it on level 7 of a ziggurat)
143970 | Zig:8    | Entered Level 8 of a ziggurat
144003 | Zig:8    | Got a warped emerald amulet
144017 | Zig:8    | Identified the amulet "June" {Spirit rPois MR+} (You found it on level 8 of a ziggurat)
144023 | Zig:9    | Entered Level 9 of a ziggurat
144033 | Zig:9    | Noticed Xenlaysk the pandemonium lord
144041 | Zig:9    | Killed Xenlaysk the pandemonium lord
144062 | Zig:9    | Identified the Collected Works on Icy Heat
144074 | Zig:9    | Got a clouded iron amulet
144108 | Zig:10   | Entered Level 10 of a ziggurat
144150 | Zig:10   | Identified Sif Muna's Compendium of Freezing Confrontation
144153 | Zig:10   | Identified Sif Muna's Grimoire of Dusty Talismans
144289 | Zig:11   | Entered Level 11 of a ziggurat
144295 | Zig:11   | Noticed Icvaluxu the pandemonium lord
144307 | Zig:11   | Lost mutation: Your spells are harder to cast, but more powerful. [a cacodemon]
144321 | Zig:11   | Killed Icvaluxu the pandemonium lord
144396 | Zig:11   | Got a pitted lapis lazuli ring
144423 | Zig:12   | Entered Level 12 of a ziggurat
144495 | Zig:12   | Identified the Incunabulum of Helpful Malediction
144534 | Zig:12   | Identified the amulet of the Crown {MR- Regen+ Int+5 Dex+3} (You found it on level 9 of a ziggurat)
144535 | Zig:12   | Identified the ring "Zirualuug" {Str+7 Stlth-} (You found it on level 11 of a ziggurat)
144550 | Zig:13   | Entered Level 13 of a ziggurat
144657 | Zig:14   | Entered Level 14 of a ziggurat
144705 | Zig:14   | Identified Adaoblig's Collected Works on Toxic Stolen Souls
144742 | Zig:15   | Entered Level 15 of a ziggurat
144833 | Zig:15   | Got an encrusted plate armour
144866 | Zig:15   | Identified the +12 plate armour "Emahaong" {+Inv Str+2 Stlth-} (You found it on level 15 of a ziggurat)
144878 | Zig:16   | Entered Level 16 of a ziggurat
144902 | Zig:16   | Noticed Ecuduuhi the pandemonium lord
144904 | Zig:16   | Reached skill level 27 in Transmutations
144904 | Zig:16   | Reached skill level 1 in Stealth
144911 | Zig:16   | Reached skill level 5 in Stealth
144920 | Zig:16   | HP: 3/323 [Ecuduuhi the pandemonium lord/iron shot (67)]
144920 | Zig:16   | HP: 1/323 [blizzard demon/bolt of cold (2)]
144920 | Zig:16   | Mangled by a Brimstone Fiend

Skill      XL: |  1  2  3  4  5  6  7  8  9 10 11 12 13 14 15 16 17 18 19 20 21 22 23 24 25 26 27 |
---------------+----------------------------------------------------------------------------------+-----
Shields        | 4 5 6 7 8 9 10 11 12 13 14 15 16 17 18 19 20 21 27 | 27.0
Axes           | 3 4 5 6 7 9 10 11 12 13 14 15 16 17 18 19 20 21 22 27 | 27.0
Fighting       | 4 5 6 7 8 9 10 11 12 13 14 15 16 17 18 27 | 27.0
Armour         | 4 5 6 7 8 9 10 11 12 13 14 27 | 27.0
Invocations    | 1 3 5 6 8 9 10 12 13 14 15 16 17 18 19 20 27 | 27.0
Evocations     | 1 2 4 6 7 9 10 11 12 13 14 15 16 17 18 19 27 | 27.0
Throwing       | 4 |  4.0
Dodging        | 27 | 27.0
Spellcasting   | 27 | 27.0
Short Blades   | 2 |  2.0
Earth Magic    | 27 | 27.0
Maces & Flails | 3 |  3.3
Staves         | 1 |  1.0
Crossbows      | 7 |  7.3
Transmutations | 27 | 27.0
Stealth        | 7 |  7.9
Long Blades    | |  0.4

Action                   |  1- 3 |  4- 6 |  7- 9 | 10-12 | 13-15 | 16-18 | 19-21 | 22-24 | 25-27 || total
-------------------------+-------+-------+-------+-------+-------+-------+-------+-------+-------++-------
Melee: War axe           |    91 |   245 |   265 |   266 |       |       |       |       |       ||   867
       Broad axe         |       |       |       |   405 |  1357 |   874 |       |       |    15 ||  2651
       Hand axe          |       |       |       |       |    18 |       |       |       |       ||    18
       Battleaxe         |       |       |       |       |       |   150 |  1323 |  1345 |   930 ||  3748
       Executioner's axe |       |       |       |       |       |       |       |       | 10467 || 10467
 Cast: Statue Form       |       |       |       |       |       |       |       |       |    12 ||    12
Invok: Summon Divine War |       |       |       |       |     2 |     3 |     3 |     3 |    40 ||    51
       Divine Shield     |       |       |       |       |     3 |     6 |     3 |     2 |    12 ||    26
       Cleansing Flame   |       |       |       |       |       |       |       |       |    36 ||    36
       Brand Weapon With |       |       |       |       |       |       |       |       |     1 ||     1
 Abil: Dig               |       |     2 |     1 |    10 |    32 |    18 |    28 |     8 |   128 ||   227
       Shaft Self        |       |       |       |       |       |       |       |       |    20 ||    20
Evoke: Wand              |       |       |       |    10 |     1 |     4 |     9 |     9 |    38 ||    71
       Lightning rod     |       |       |       |     4 |       |     4 |       |       |     3 ||    11
       Phantom mirror    |       |       |       |       |       |       |     2 |       |     1 ||     3
       Box of beasts     |       |       |       |       |       |       |       |       |     3 ||     3
       Lamp of fire      |       |       |       |       |       |       |       |       |     2 ||     2
       Phial of floods   |       |       |       |       |       |       |       |       |     1 ||     1
  Use: Scroll            |       |       |       |     4 |    31 |     6 |     1 |    18 |   106 ||   166
       Potion            |       |       |       |     1 |     4 |     2 |     4 |     1 |    43 ||    55
  Eat: Chunk             |     1 |     4 |     7 |    25 |     4 |     6 |    15 |     6 |    41 ||   109
       Fruit             |       |     6 |       |     2 |    33 |       |       |     2 |    42 ||    85
       Royal jelly       |       |       |       |     2 |    10 |     1 |       |       |    24 ||    37
       Meat ration       |       |       |       |       |       |     2 |     5 |     6 |    51 ||    64
       Bread ration      |       |       |       |       |       |       |       |       |     1 ||     1
Armor: Scale mail        |    46 |    36 |       |       |       |       |       |       |       ||    82
       Plate armour      |       |   103 |   114 |   221 |   373 |   253 |   438 |   480 |   565 ||  2547
       Gold dragon scale |       |       |       |       |       |       |       |       |  2577 ||  2577
       Skin              |       |       |       |       |       |       |       |       |   166 ||   166
Dodge: Dodged            |    36 |    61 |    43 |    59 |   150 |    95 |   201 |   206 |  2456 ||  3307
Block: Shield            |    52 |   134 |    77 |       |       |   322 |  1382 |  1484 |  6670 || 10121
       Large shield      |       |       |   107 |   610 |  1202 |   515 |       |       |  6313 ||  8747
       Reflection        |       |       |       |       |       |       |       |       |   125 ||   125
       Other             |       |       |       |       |       |       |       |       |     6 ||     6
